Workbook

Sheet Contents
A1: Country | B1: Region | C1: Sub-region | D1: Producer
A2: ENGLAND | D2: Charles Palmer | E2: =HYPERLINK((("#Main_Tariff!A"&MATCH("*"&LEFT(D2,15)&"*",Main_Tariff!A:A,0))),"Jump to Producer") -> Jump to Producer
A3: FRANCE | B3: Champagne | D3: André Beaufort | E3: =HYPERLINK("#Main_Tariff!A"&MATCH("*"&LEFT(D3,15)&"*",Main_Tariff!A:A,0),"Jump to Producer") -> Jump to Producer
A4: FRANCE | B4: Champagne | D4: Albert Beerens | E4: =HYPERLINK("#Main_Tariff!A"&MATCH("*"&LEFT(D4,15)&"*",Main_Tariff!A:A,0),"Jump to Producer") -> Jump to Producer
A5: FRANCE | B5: Champagne | D5: Champagne Augustin Coeurviticulture | E5: =HYPERLINK("#Main_Tariff!A"&MATCH("*"&LEFT(D5,15)&"*",Main_Tariff!A:A,0),"Jump to Producer") -> Jump to Producer
A6: FRANCE | B6: Champagne | D6: Henri Billiot by Laetitia Billiot | E6: =HYPERLINK("#Main_Tariff!A"&MATCH("*"&LEFT(D6,10)&"*",Main_Tariff!A:A,0),"Jump to Producer") -> Jump to Producer
A7: FRANCE | B7: Champagne | D7: Benoit Dehu | E7: =HYPERLINK((("#Main_Tariff!A"&MATCH("Dehu, Benoit",Main_Tariff!A:A,0))),"Jump to Producer") -> Jump to Producer
A8: FRANCE | B8: Champagne | D8: Gonet-Sulcova | E8: =HYPERLINK("#Main_Tariff!A"&MATCH("*"&LEFT(D8,15)&"*",Main_Tariff!A:A,0),"Jump to Producer") -> Jump to Producer
A9: FRANCE | B9: Champagne | D9: Gyejacquot | E9: =HYPERLINK("#Main_Tariff!A"&MATCH("*"&LEFT(D9,15)&"*",Main_Tariff!A:A,0),"Jump to Producer") -> Jump to Producer
A10: FRANCE | B10: Champagne | D10: David Leclapart | E10: =HYPERLINK("#Main_Tariff!A"&MATCH("*"&LEFT(D10,15)&"*",Main_Tariff!A:A,0),"Jump to Producer") -> Jump to Producer
A11: FRANCE | B11: Champagne | D11: Lilbert & Fils | E11: =HYPERLINK("#Main_Tariff!A"&MATCH("*"&LEFT(D11,15)&"*",Main_Tariff!A:A,0),"Jump to Producer") -> Jump to Producer
A12: FRANCE | B12: Champagne | D12: La Parcelle, Chevreaux-Bournazel | E12: =HYPERLINK("#Main_Tariff!A"&MATCH("*"&LEFT(D12,15)&"*",Main_Tariff!A:A,0),"Jump to Producer") -> Jump to Producer
A13: FRANCE | B13: Champagne | D13: Les Vertus d'Elise by Cedric Guyot | E13: =HYPERLINK("#Main_Tariff!A"&MATCH("*"&LEFT(D13,10)&"*",Main_Tariff!A:A,0),"Jump to Producer") -> Jump to Producer
A14: FRANCE | B14: Champagne | D14: Clos Lanson | E14: =HYPERLINK("#Main_Tariff!A"&MATCH("*"&LEFT(D14,15)&"*",Main_Tariff!A:A,0),"Jump to Producer") -> Jump to Producer
A15: FRANCE | B15: Alsace | D15: Kirrenbourg (ex Martin Schaetzel) | E15: =HYPERLINK("#Main_Tariff!A"&MATCH("*"&LEFT(D15,10)&"*",Main_Tariff!A:A,0),"Jump to Producer") -> Jump to Producer
A16: FRANCE | B16: Bordeaux - Right Bank | D16: Bordeaux Blanc Focus | E16: {=HYPERLINK((("#Main_Tariff!B"&MATCH("*"&"Bordeaux Blanc Sec with volume"&"*",Main_Tariff!B:B,0))),"Jump to Section")} -> Jump to Section
A17: FRANCE | B17: Bordeaux - Right Bank | C17: Pomerol | D17: Clinet | E17: =HYPERLINK("#Main_Tariff!A"&MATCH("*"&LEFT(D17,15)&"*",Main_Tariff!A:A,0),"Jump to Producer") -> Jump to Producer
A18: FRANCE | B18: Bordeaux - Right Bank | C18: Pomerol | D18: Clos de la Vieille École | E18: =HYPERLINK("#Main_Tariff!A"&MATCH("*"&LEFT(D18,15)&"*",Main_Tariff!A:A,0),"Jump to Producer") -> Jump to Producer
A19: FRANCE | B19: Bordeaux - Right Bank | C19: Pomerol | D19: Clos du Clocher | E19: =HYPERLINK("#Main_Tariff!A"&MATCH("*"&LEFT(D19,15)&"*",Main_Tariff!A:A,0),"Jump to Producer") -> Jump to Producer
A20: FRANCE | B20: Bordeaux - Right Bank | C20: Pomerol | D20: La Conseillante | E20: =HYPERLINK("#Main_Tariff!A"&MATCH("*"&LEFT(D20,15)&"*",Main_Tariff!A:A,0),"Jump to Producer") -> Jump to Producer
A21: FRANCE | B21: Bordeaux - Right Bank | C21: Pomerol | D21: L'Eglise-Clinet | E21: {=HYPERLINK((("#Main_Tariff!A"&MATCH("*"&MID(D21,3,9)&"*",Main_Tariff!A:A,0))),"Jump to Producer")} -> Jump to Producer
A22: FRANCE | B22: Bordeaux - Right Bank | C22: Pomerol | D22: L'Evangile | E22: =HYPERLINK("#Main_Tariff!A"&MATCH("*"&LEFT(D22,15)&"*",Main_Tariff!A:A,0),"Jump to Producer") -> Jump to Producer
A23: FRANCE | B23: Bordeaux - Right Bank | C23: Pomerol | D23: Feytit-Clinet | E23: =HYPERLINK("#Main_Tariff!A"&MATCH("*"&LEFT(D23,15)&"*",Main_Tariff!A:A,0),"Jump to Producer") -> Jump to Producer
A24: FRANCE | B24: Bordeaux - Right Bank | C24: Pomerol | D24: La Fleur-Petrus | E24: {=HYPERLINK((("#Main_Tariff!A"&MATCH("*"&MID(D24,4,9)&"*",Main_Tariff!A:A,0))),"Jump to Producer")} -> Jump to Producer
A25: FRANCE | B25: Bordeaux - Right Bank | C25: Pomerol | D25: Guillot-Clauzel | E25: =HYPERLINK("#Main_Tariff!A"&MATCH("*"&LEFT(D25,15)&"*",Main_Tariff!A:A,0),"Jump to Producer") -> Jump to Producer
A26: FRANCE | B26: Bordeaux - Right Bank | C26: Pomerol | D26: Mayne-Réné | E26: =HYPERLINK("#Main_Tariff!A"&MATCH("*"&LEFT(D26,15)&"*",Main_Tariff!A:A,0),"Jump to Producer") -> Jump to Producer
A27: FRANCE | B27: Bordeaux - Right Bank | C27: Pomerol | D27: Lafleur | E27: =HYPERLINK("#Main_Tariff!A"&MATCH("*"&LEFT(D27,15)&",*",Main_Tariff!A:A,0),"Jump to Producer") -> Jump to Producer
A28: FRANCE | B28: Bordeaux - Right Bank | C28: Pomerol | D28: Latour a Pomerol | E28: =HYPERLINK("#Main_Tariff!A"&MATCH("*"&LEFT(D28,15)&"*",Main_Tariff!A:A,0),"Jump to Producer") -> Jump to Producer
A29: FRANCE | B29: Bordeaux - Right Bank | C29: Pomerol | D29: Le Pin | E29: =HYPERLINK("#Main_Tariff!A"&MATCH("*"&LEFT(D29,15)&",*",Main_Tariff!A:A,0),"Jump to Producer") -> Jump to Producer
A30: FRANCE | B30: Bordeaux - Right Bank | C30: Pomerol | D30: Trotanoy | E30: {=HYPERLINK((("#Main_Tariff!A"&MATCH(LEFT(D30,10)&"*",Main_Tariff!A:A,0))),"Jump to Producer")} -> Jump to Producer
A31: FRANCE | B31: Bordeaux - Right Bank | C31: Pomerol | D31: Vieux Chateau Certan | E31: =HYPERLINK("#Main_Tariff!A"&MATCH("*"&LEFT(D31,15)&"*",Main_Tariff!A:A,0),"Jump to Producer") -> Jump to Producer
A32: FRANCE | B32: Bordeaux - Right Bank | C32: Pomerol | D32: La Violette | E32: =HYPERLINK("#Main_Tariff!A"&MATCH("*"&LEFT(D32,15)&"*",Main_Tariff!A:A,0),"Jump to Producer") -> Jump to Producer
A33: FRANCE | B33: Bordeaux - Right Bank | C33: Pomerol | D33: Vray Croix de Gay | E33: =HYPERLINK("#Main_Tariff!A"&MATCH("*"&LEFT(D33,15)&"*",Main_Tariff!A:A,0),"Jump to Producer") -> Jump to Producer
A34: FRANCE | B34: Bordeaux - Right Bank | C34: St Emilion | D34: Angelus | E34: =HYPERLINK("#Main_Tariff!A"&MATCH("*"&LEFT(D34,15)&"*",Main_Tariff!A:A,0),"Jump to Producer") -> Jump to Producer
A35: FRANCE | B35: Bordeaux - Right Bank | C35: St Emilion | D35: Ausone | E35: =HYPERLINK("#Main_Tariff!A"&MATCH("*"&LEFT(D35,15)&"*",Main_Tariff!A:A,0),"Jump to Producer") -> Jump to Producer
A36: FRANCE | B36: Bordeaux - Right Bank | C36: St Emilion | D36: Beau-Séjour Bécot | E36: =HYPERLINK("#Main_Tariff!A"&MATCH("*"&LEFT(D36,15)&"*",Main_Tariff!A:A,0),"Jump to Producer") -> Jump to Producer
A37: FRANCE | B37: Bordeaux - Right Bank | C37: St Emilion | D37: Beauséjour (Duffau-Lagarrosse) | E37: {=HYPERLINK((("#Main_Tariff!A"&MATCH("*"&MID(D37,13,10)&"*",Main_Tariff!A:A,0))),"Jump to Producer")} -> Jump to Producer
A38: FRANCE | B38: Bordeaux - Right Bank | C38: St Emilion | D38: Belair-Monange | E38: =HYPERLINK("#Main_Tariff!A"&MATCH("*"&LEFT(D38,15)&"*",Main_Tariff!A:A,0),"Jump to Producer") -> Jump to Producer
A39: FRANCE | B39: Bordeaux - Right Bank | C39: St Emilion | D39: Berliquet | E39: =HYPERLINK("#Main_Tariff!A"&MATCH("*"&LEFT(D39,15)&"*",Main_Tariff!A:A,0),"Jump to Producer") -> Jump to Producer
A40: FRANCE | B40: Bordeaux - Right Bank | C40: St Emilion | D40: Canon | E40: =HYPERLINK("#Main_Tariff!A"&MATCH("*"&LEFT(D40,15)&"*",Main_Tariff!A:A,0),"Jump to Producer") -> Jump to Producer
A41: FRANCE | B41: Bordeaux - Right Bank | C41: St Emilion | D41: du Cauze | E41: =HYPERLINK((("#Main_Tariff!A"&MATCH("*"&MID(D41,4,9)&"*",Main_Tariff!A:A,0))),"Jump to Producer") -> Jump to Producer
A42: FRANCE | B42: Bordeaux - Right Bank | C42: St Emilion | D42: Cheval Blanc | E42: =HYPERLINK("#Main_Tariff!A"&MATCH("*"&LEFT(D42,15)&"*",Main_Tariff!A:A,0),"Jump to Producer") -> Jump to Producer
A43: FRANCE | B43: Bordeaux - Right Bank | C43: St Emilion | D43: Clos Fourtet | E43: =HYPERLINK("#Main_Tariff!A"&MATCH("*"&LEFT(D43,15)&"*",Main_Tariff!A:A,0),"Jump to Producer") -> Jump to Producer
A44: FRANCE | B44: Bordeaux - Right Bank | C44: St Emilion | D44: Clos Saint Martin | E44: =HYPERLINK("#Main_Tariff!A"&MATCH("*"&LEFT(D44,15)&"*",Main_Tariff!A:A,0),"Jump to Producer") -> Jump to Producer
A45: FRANCE | B45: Bordeaux - Right Bank | C45: St Emilion | D45: Figeac | E45: {=HYPERLINK((("#Main_Tariff!A"&MATCH(LEFT(D45,10)&"*",Main_Tariff!A:A,0))),"Jump to Producer")} -> Jump to Producer
A46: FRANCE | B46: Bordeaux - Right Bank | C46: St Emilion | D46: Fonplegade | E46: =HYPERLINK("#Main_Tariff!A"&MATCH("*"&LEFT(D46,15)&"*",Main_Tariff!A:A,0),"Jump to Producer") -> Jump to Producer
A47: FRANCE | B47: Bordeaux - Right Bank | C47: St Emilion | D47: Clos la Gaffeliere | E47: =HYPERLINK("#Main_Tariff!A"&MATCH("*"&LEFT(D47,15)&"*",Main_Tariff!A:A,0),"Jump to Producer") -> Jump to Producer
A48: FRANCE | B48: Bordeaux - Right Bank | C48: St Emilion | D48: La Gaffeliere | E48: {=HYPERLINK((("#Main_Tariff!A"&MATCH(LEFT(D48,10)&"*",Main_Tariff!A:A,0))),"Jump to Producer")} -> Jump to Producer
A49: FRANCE | B49: Bordeaux - Right Bank | C49: St Emilion | D49: Les Giraudels de Milon | E49: {=HYPERLINK((("#Main_Tariff!A"&MATCH("*"&MID(D49,5,9)&"*",Main_Tariff!A:A,0))),"Jump to Producer")} -> Jump to Producer
A50: FRANCE | B50: Bordeaux - Right Bank | C50: St Emilion | D50: La Gomerie | E50: {=HYPERLINK((("#Main_Tariff!A"&MATCH(LEFT(D50,10)&"*",Main_Tariff!A:A,0))),"Jump to Producer")} -> Jump to Producer
A51: FRANCE | B51: Bordeaux - Right Bank | C51: St Emilion | D51: Grand Corbin Despagne | E51: {=HYPERLINK((("#Main_Tariff!A"&MATCH(LEFT(D51,10)&"*",Main_Tariff!A:A,0))),"Jump to Producer")} -> Jump to Producer
A52: FRANCE | B52: Bordeaux - Right Bank | C52: St Emilion | D52: L'If | E52: {=HYPERLINK((("#Main_Tariff!A"&MATCH(D52,Main_Tariff!A:A,0))),"Jump to Producer")} -> Jump to Producer
A53: FRANCE | B53: Bordeaux - Right Bank | C53: St Emilion | D53: Laroque | E53: =HYPERLINK("#Main_Tariff!A"&MATCH("*"&LEFT(D53,15)&"*",Main_Tariff!A:A,0),"Jump to Producer") -> Jump to Producer
A54: FRANCE | B54: Bordeaux - Right Bank | C54: St Emilion | D54: Lassegue | E54: =HYPERLINK("#Main_Tariff!A"&MATCH("*"&LEFT(D54,15)&"*",Main_Tariff!A:A,0),"Jump to Producer") -> Jump to Producer
A55: FRANCE | B55: Bordeaux - Right Bank | C55: St Emilion | D55: Mangot | E55: =HYPERLINK("#Main_Tariff!A"&MATCH("*"&LEFT(D55,15)&"*",Main_Tariff!A:A,0),"Jump to Producer") -> Jump to Producer
A56: FRANCE | B56: Bordeaux - Right Bank | C56: St Emilion | D56: Matignon | E56: =HYPERLINK("#Main_Tariff!A"&MATCH("*"&LEFT(D56,15)&"*",Main_Tariff!A:A,0),"Jump to Producer") -> Jump to Producer
A57: FRANCE | B57: Bordeaux - Right Bank | C57: St Emilion | D57: Moulin du Jura | E57: =HYPERLINK("#Main_Tariff!A"&MATCH("*"&LEFT(D57,15)&"*",Main_Tariff!A:A,0),"Jump to Producer") -> Jump to Producer
A58: FRANCE | B58: Bordeaux - Right Bank | C58: St Emilion | D58: Pavie-Macquin | E58: =HYPERLINK("#Main_Tariff!A"&MATCH("*"&LEFT(D58,15)&"*",Main_Tariff!A:A,0),"Jump to Producer") -> Jump to Producer
A59: FRANCE | B59: Bordeaux - Right Bank | C59: St Emilion | D59: Peby Faugeres | E59: =HYPERLINK("#Main_Tariff!A"&MATCH("*"&LEFT(D59,15)&"*",Main_Tariff!A:A,0),"Jump to Producer") -> Jump to Producer
A60: FRANCE | B60: Bordeaux - Right Bank | C60: St Emilion | D60: Petit Gravet Aine | E60: =HYPERLINK("#Main_Tariff!A"&MATCH("*"&LEFT(D60,15)&"*",Main_Tariff!A:A,0),"Jump to Producer") -> Jump to Producer
A61: FRANCE | B61: Bordeaux - Right Bank | C61: St Emilion | D61: Puy Blanquet | E61: {=HYPERLINK((("#Main_Tariff!A"&MATCH(LEFT(D61,10)&"*",Main_Tariff!A:A,0))),"Jump to Producer")} -> Jump to Producer
A62: FRANCE | B62: Bordeaux - Right Bank | C62: St Emilion | D62: Quintus | E62: =HYPERLINK("#Main_Tariff!A"&MATCH("*"&LEFT(D62,15)&"*",Main_Tariff!A:A,0),"Jump to Producer") -> Jump to Producer
A63: FRANCE | B63: Bordeaux - Right Bank | C63: St Emilion | D63: Rochebelle | E63: =HYPERLINK("#Main_Tariff!A"&MATCH("*"&LEFT(D63,15)&"*",Main_Tariff!A:A,0),"Jump to Producer") -> Jump to Producer
A64: FRANCE | B64: Bordeaux - Right Bank | C64: St Emilion | D64: Saintem/Saintayme | E64: {=HYPERLINK((("#Main_Tariff!A"&MATCH(LEFT(D64,7)&"*",Main_Tariff!A:A,0))),"Jump to Producer")} -> Jump to Producer
A65: FRANCE | B65: Bordeaux - Right Bank | C65: St Emilion | D65: Tertre Roteboeuf | E65: =HYPERLINK("#Main_Tariff!A"&MATCH("*"&LEFT(D65,15)&"*",Main_Tariff!A:A,0),"Jump to Producer") -> Jump to Producer
A66: FRANCE | B66: Bordeaux - Right Bank | C66: St Emilion | D66: Troplong Mondot | E66: {=HYPERLINK((("#Main_Tariff!A"&MATCH(LEFT(D66,10)&"*",Main_Tariff!A:A,0))),"Jump to Producer")} -> Jump to Producer
A67: FRANCE | B67: Bordeaux - Right Bank | C67: St Emilion | D67: Trottevieille | E67: =HYPERLINK("#Main_Tariff!A"&MATCH("*"&LEFT(D67,15)&"*",Main_Tariff!A:A,0),"Jump to Producer") -> Jump to Producer
A68: FRANCE | B68: Bordeaux - Right Bank | C68: St Emilion | D68: Valandraud | E68: =HYPERLINK("#Main_Tariff!A"&MATCH("*"&LEFT(D68,15)&"*",Main_Tariff!A:A,0),"Jump to Producer") -> Jump to Producer
A69: FRANCE | B69: Bordeaux - Right Bank | C69: Cotes de Bourg | D69: Roc de Cambes | E69: {=HYPERLINK((("#Main_Tariff!A"&MATCH(LEFT(D69,10)&"*",Main_Tariff!A:A,0))),"Jump to Producer")} -> Jump to Producer
A70: FRANCE | B70: Bordeaux - Right Bank | C70: Fronsac | D70: Grand Village | E70: {=HYPERLINK((("#Main_Tariff!A"&MATCH(LEFT(D70,10)&"*",Main_Tariff!A:A,0))),"Jump to Producer")} -> Jump to Producer
A71: FRANCE | B71: Bordeaux - Right Bank | C71: Fronsac | D71: Les Perrieres | E71: {=HYPERLINK((("#Main_Tariff!A"&MATCH(LEFT(D71,10)&"*",Main_Tariff!A:A,0))),"Jump to Producer")} -> Jump to Producer
A72: FRANCE | B72: Bordeaux - Right Bank | C72: Canon-Fronsac | D72: Moulin Pey-Labrie | E72: =HYPERLINK("#Main_Tariff!A"&MATCH("*"&LEFT(D72,15)&"*",Main_Tariff!A:A,0),"Jump to Producer") -> Jump to Producer
A73: FRANCE | B73: Bordeaux - Right Bank | C73: Lalande de Pomerol | D73: Belles-Graves | E73: =HYPERLINK("#Main_Tariff!A"&MATCH("*"&LEFT(D73,15)&"*",Main_Tariff!A:A,0),"Jump to Producer") -> Jump to Producer
A74: FRANCE | B74: Bordeaux - Right Bank | C74: Lalande de Pomerol | D74: Les Cruzelles | E74: =HYPERLINK("#Main_Tariff!A"&MATCH("*"&LEFT(D74,15)&"*",Main_Tariff!A:A,0),"Jump to Producer") -> Jump to Producer
A75: FRANCE | B75: Bordeaux - Right Bank | C75: Lussac St Emilion | D75: Bel Air | E75: =HYPERLINK("#Main_Tariff!A"&MATCH("*"&LEFT(D75,15)&"*",Main_Tariff!A:A,0),"Jump to Producer") -> Jump to Producer
A76: FRANCE | B76: Bordeaux - Right Bank | C76: Puisseguin St Emilion | D76: Guibeau | E76: =HYPERLINK("#Main_Tariff!A"&MATCH("*"&LEFT(D76,15)&"*",Main_Tariff!A:A,0),"Jump to Producer") -> Jump to Producer
A77: FRANCE | B77: Bordeaux - Right Bank | C77: Francs - Cotes de Bordeaux | D77: Clos Fontaine | E77: =HYPERLINK("#Main_Tariff!A"&MATCH("*"&LEFT(D77,15)&"*",Main_Tariff!A:A,0),"Jump to Producer") -> Jump to Producer
A78: FRANCE | B78: Bordeaux - Right Bank | C78: Castillon - Cotes de Bordeaux | D78: d'Aiguilhe | E78: =HYPERLINK("#Main_Tariff!A"&MATCH("*"&LEFT(D78,15)&"*",Main_Tariff!A:A,0),"Jump to Producer") -> Jump to Producer
A79: FRANCE | B79: Bordeaux - Right Bank | C79: Castillon - Cotes de Bordeaux | D79: Alcée | E79: =HYPERLINK("#Main_Tariff!A"&MATCH("*"&LEFT(D79,15)&"*",Main_Tariff!A:A,0),"Jump to Producer") -> Jump to Producer
A80: FRANCE | B80: Bordeaux - Right Bank | C80: Castillon - Cotes de Bordeaux | D80: Clos Louie | E80: =HYPERLINK("#Main_Tariff!A"&MATCH("*"&LEFT(D80,15)&"*",Main_Tariff!A:A,0),"Jump to Producer") -> Jump to Producer
A81: FRANCE | B81: Bordeaux - Right Bank | C81: Castillon - Cotes de Bordeaux | D81: Joanin-Bécot | E81: {=HYPERLINK((("#Main_Tariff!A"&MATCH(LEFT(D81,10)&"*",Main_Tariff!A:A,0))),"Jump to Producer")} -> Jump to Producer
A82: FRANCE | B82: Bordeaux - Right Bank | C82: Castillon - Cotes de Bordeaux | D82: Thienpont Cousins | E82: =HYPERLINK("#Main_Tariff!A"&MATCH("*"&LEFT(D82,15)&"*:",Main_Tariff!A:A,0),"Jump to Producer") -> Jump to Producer
A83: FRANCE | B83: Bordeaux - Right Bank | C83: Castillon - Cotes de Bordeaux | D83: L'Hêtre | E83: {=HYPERLINK((("#Main_Tariff!A"&MATCH(LEFT(D83,10)&",*",Main_Tariff!A:A,0))),"Jump to Producer")} -> Jump to Producer
A84: FRANCE | B84: Bordeaux - Right Bank | C84: Castillon - Cotes de Bordeaux | D84: Montlandrie | E84: {=HYPERLINK((("#Main_Tariff!A"&MATCH(LEFT(D84,10)&"*",Main_Tariff!A:A,0))),"Jump to Producer")} -> Jump to Producer
A85: FRANCE | B85: Bordeaux - Right Bank | C85: Castillon - Cotes de Bordeaux | D85: Robin | E85: {=HYPERLINK((("#Main_Tariff!A"&MATCH(LEFT(D85,10)&"*",Main_Tariff!A:A,0))),"Jump to Producer")} -> Jump to Producer
A86: FRANCE | B86: Bordeaux - Right Bank | C86: Entre Deux Meres | D86: Valrose/Grand Bireau | E86: =HYPERLINK("#Main_Tariff!A"&MATCH("*"&LEFT(D86,7)&"*",Main_Tariff!A:A,0),"Jump to Producer") -> Jump to Producer
A87: FRANCE | B87: Bordeaux - Right Bank | C87: Premieres Cotes de Bordeaux | D87: La Gontrie | E87: {=HYPERLINK((("#Main_Tariff!A"&MATCH(LEFT(D87,10)&"*",Main_Tariff!A:A,0))),"Jump to Producer")} -> Jump to Producer
A88: FRANCE | B88: Bordeaux - Graves & Pessac-Leognan | C88: Graves | D88: Massereau | E88: =HYPERLINK("#Main_Tariff!A"&MATCH("*"&LEFT(D88,15)&"*",Main_Tariff!A:A,0),"Jump to Producer") -> Jump to Producer
A89: FRANCE | B89: Bordeaux - Graves & Pessac-Leognan | C89: Pessac-Leognan | D89: Bouscaut | E89: {=HYPERLINK((("#Main_Tariff!A"&MATCH(LEFT(D89,10)&"*",Main_Tariff!A:A,0))),"Jump to Producer")} -> Jump to Producer
A90: FRANCE | B90: Bordeaux - Graves & Pessac-Leognan | C90: Pessac-Leognan | D90: Carbonnieux | E90: {=HYPERLINK((("#Main_Tariff!A"&MATCH(LEFT(D90,10)&"*",Main_Tariff!A:A,0))),"Jump to Producer")} -> Jump to Producer
A91: FRANCE | B91: Bordeaux - Graves & Pessac-Leognan | C91: Pessac-Leognan | D91: Les Carmes Haut Brion | E91: =HYPERLINK("#Main_Tariff!A"&MATCH("*"&LEFT(D91,15)&"*",Main_Tariff!A:A,0),"Jump to Producer") -> Jump to Producer
A92: FRANCE | B92: Bordeaux - Graves & Pessac-Leognan | C92: Pessac-Leognan | D92: Domaine de Chevalier | E92: {=HYPERLINK((("#Main_Tariff!A"&MATCH("by famille bernard",Main_Tariff!A:A,0))),"Jump to Producer")} -> Jump to Producer
A93: FRANCE | B93: Bordeaux - Graves & Pessac-Leognan | C93: Pessac-Leognan | D93: de Fieuzal | E93: {=HYPERLINK((("#Main_Tariff!A"&MATCH("*"&MID(D93,5,9)&"*",Main_Tariff!A:A,0))),"Jump to Producer")} -> Jump to Producer
A94: FRANCE | B94: Bordeaux - Graves & Pessac-Leognan | C94: Pessac-Leognan | D94: Haut Bailly | E94: =HYPERLINK("#Main_Tariff!A"&MATCH("*"&LEFT(D94,15)&"*",Main_Tariff!A:A,0),"Jump to Producer") -> Jump to Producer
A95: FRANCE | B95: Bordeaux - Graves & Pessac-Leognan | C95: Pessac-Leognan | D95: Haut Bergey | E95: =HYPERLINK("#Main_Tariff!A"&MATCH("*"&LEFT(D95,15)&"*",Main_Tariff!A:A,0),"Jump to Producer") -> Jump to Producer
A96: FRANCE | B96: Bordeaux - Graves & Pessac-Leognan | C96: Pessac-Leognan | D96: Haut Brion | E96: {=HYPERLINK((("#Main_Tariff!A"&MATCH(LEFT(D96,10)&"*",Main_Tariff!A:A,0))),"Jump to Producer")} -> Jump to Producer
A97: FRANCE | B97: Bordeaux - Graves & Pessac-Leognan | C97: Pessac-Leognan | D97: La Mission Haut Brion | E97: {=HYPERLINK((("#Main_Tariff!A"&MATCH(LEFT(D97,10)&"*",Main_Tariff!A:A,0))),"Jump to Producer")} -> Jump to Producer
A98: FRANCE | B98: Bordeaux - Graves & Pessac-Leognan | C98: Pessac-Leognan | D98: Malartic-Lagraviere | E98: =HYPERLINK("#Main_Tariff!A"&MATCH("*"&LEFT(D98,15)&"*",Main_Tariff!A:A,0),"Jump to Producer") -> Jump to Producer
A99: FRANCE | B99: Bordeaux - Graves & Pessac-Leognan | C99: Pessac-Leognan | D99: Pape Clément | E99: =HYPERLINK("#Main_Tariff!A"&MATCH("*"&LEFT(D99,15)&"*",Main_Tariff!A:A,0),"Jump to Producer") -> Jump to Producer
A100: FRANCE | B100: Bordeaux - Graves & Pessac-Leognan | C100: Pessac-Leognan | D100: Smith-Haut Lafitte | E100: =HYPERLINK("#Main_Tariff!A"&MATCH("*"&LEFT(D100,15)&"*",Main_Tariff!A:A,0),"Jump to Producer") -> Jump to Producer
...

Sheet Main_Tariff
B1: Raeburn Fine Wines | F1: November 25 version
B2: Shippers and Wholesalers of Fine Wine - WEB Tariff | I2: Product Code
A4: Quote: | B4: Basics: | D4: Key:
A5: Eve Balfour, at the 1st IFOAM conference | B5: Prices are DPD per unit, ex-VAT, including delivery/transfer. | C5: VAULTS = only in Edinburgh
A6: of 1977 re agricultural ambition, quoting | B6: Min. order 2cases for free delivery within M25, ex-LCB Tilbury. | C6: f = fortified
A7: Aldo Leopold's book, with which we agree: | B7: Min. order 2cases for free delivery to all UK, ex-Edinburgh. | C7: sp = sparkling
B8: Min. order for free UK delivery on application, ex-LCB Tilbury. | C8: o = orange
A9: '…we cannot escape from the ethical and | B9: 10 cse rate, IB and ex-cellars prices upon request. | C9: p = pink
A10: spiritual values of life, for they are part of | B10: A 'case' is 9litres, i.e. 12 BTLS, 24 HVS, 6 MAGS, 3 DBL MAGS | C10: r = red
A11: the wholeness."A thing is right when it | B11: Cases can be mixed. | C11: w = white
A12: tends to preserve the integrity,stability | B12: Prices include UK duty at prevailing rate when issued. (Not E.P.) | C12: sw = sweet
A13: and beauty of the biotic community. It | B13: Size is updated as: unit size in cl / number units per pack. | C13: GG = Grosses Gewächs
A14: is wrong when it tends otherwise." | B14: Our main tariffs are agency, main, en primeur, etc. | C14: GL = VDP Grosse Lage
A15: That quotation expresses what I | B15: Subject to Terms & Conditions, as per the last page of this list. | C15: 1C = Premier Cru
A16: believe should be our guidelines.' | B16: All wines are offered subject to availability. | C16: GC = Grand Cru
B17: This list cancels all previous lists. E&OE
B18: Contact details:
A19: LONDON OFFICE | B19: www.raeburnfinewines.com | C19: ROLES:
A20: David Harvey | 07977 939 680 | B20: david@raeburnfinewines.com | C20: Trade sales. Wine advice. Buying
A21: Richard Rotti | 07952 052 606 | B21: rr@raeburnfinewines.com | C21: Trade sales. Wine advice.
A22: Liam Colucci | 07903 330 457 | B22: liam@raeburnfinewines.com | C22: Trade sales. Wine advice.
A23: Julia Sewell | 07836 682 442 | B23: julia@raeburnfinewines.com | C23: London Office. List. Sake
A25: EDINBURGH HEAD OFFICE | B25: www.raeburnfinewines.com
A26: General contact | 0131 343 1159 | B26: sales@raeburnfinewines.com | C26: Orders. Enquiries.
A27: Ben Fawcett | 07747 638 728 | B27: ben@raeburnfinewines.com | C27: Scotland trade sales
A28: Murray McDougal | 07817 073 633 | B28: murray@raeburnfinewines.com | C28: Scotland trade sales
A29: Liliana Angelo | 0131 343 1159 | B29: lily@raeburnfinewines.com | C29: Office administrator.
A30: Humair Mahmud | 0131 343 1159 | B30: humair@raeburnfinewines.com | C30: Orders desk. Accounts.
A31: Zubair Mohamed | 0131 343 1159 | B31: zubair@raeburnfinewines.com | C31: Director. Buyer. Wine advice.
A32: Taher Mahmud | B32: taher@raeburnfinewines.com | C32: Director. Accounts.
B33: Introduction to Raeburn, 2025:
A34: Our clients:
A37: Raeburn Fine Wines:
A40: The Raeburn tariffs:
A43: List searchability:
B46: Introduction, (continued):
A47: The list in names:
A49: The list in numbers (A-Z):
A52: 'Running Wines' & 'Special Attributes':
A55: A note on agricultural nomenclature:
A58: Vegan compatible Ⓥ:
A61: Two warehouses:
A64: The Porterstone:
A67: Thanks:
B70: Contents:
B72: Intro:
B73: An Introduction to Raeburn
B74: Contents
B76: The tariff:
A77: ENGLAND
A78: FRANCE | B78: Champagne
B79: Alsace
B80: Bordeaux - Right Bank INCL. BORDEAUX BLANC FOCUS
B81: Bordeaux - Pessac-Leognan
B82: Bordeaux - Left Bank
B83: Bordeaux - Sauternes
B84: South-West
B85: Burgundy - Yonne
B86: Burgundy - Cote de Nuits INCLUDES CDN BLANC FOCUS
B87: Burgundy - Cote de Beaune INCLUDES AUXEY FOCUS
B88: Burgundy - Chalonnaise & Maconnais
B89: Burgundy - Beaujolais
B90: Jura
... B95: South: Roussillon, Languedoc, Provence
A96: ITALY | B96: Aosta & Liguria
B97: Piedmont - Barolo based cellars
B98: Piedmont - Barbaresco based cellars
B99: Piedmont - Alto Piedmont
B100: Piedmont - Gavi & Monferrato
B101: Lombardy
B102: Alto-Adige & Trentino
B103: Veneto
B104: Collio, Collio Orientali & Carso
B105: Tuscany - Chianti, etc.
B106: Tuscany - Montalcino & Montepulciano
B107: 'Central': Emilia Romagna, Lazio, Marche, Abruzzo, Umbria
B108: 'South': Campania, Calabria, Puglia
... B111: Sicily & Pantelleria
A112: SPAIN | B112: North-West: Rueda & Rias Baixas, Ribeira Sacra, Bierzo
B113: North: Ribera del Duero, Pais Vasco, Rioja, Navarra
B114: East: Catalonia & Valencia
B115: South: La Mancha, Andalucia
A116: PORTUGAL | B116: Minho, Douro, Bairrada, Dao, Colares, Alentejo
A117: AUSTRIA | B117: Danube zones: Wachau & Kamptal
B118: Burgenland
A119: GERMANY | B119: Mosel & Ruwer
B120: Franken, Nahe, Rheingau
A121: LEBANON | B121: Bekaa Valley
A122: ARGENTINA
A123: CHILE
A124: U.S.A. | B124: California: RRV, Napa
B125: Oregon, Virginia
A126: NEW ZEALAND | B126: North Island: Martinborough
B127: South Island: Nelson, Central Otago
A128: AUSTRALIA | B128: Barossa & Eden Valleys
A129: SOUTH AFRICA
B131: Sake, fortified wine & spirits:
A132: JAPAN | B132: Junmai Sake
A133: FORTIFIED | B133: Port, Sherry
A134: SPIRITS | B134: Scotland, France, Italy, Japan
...

Sheet Plain_Tariff
A1: PRODUCER | B1: PRODUCER NAME | C1: Wine | D1: Type | E1: Year | F1: Vol. (cl) | G1: Trade £DPD | H1: Stock Status | I1: Product Code | J1: COUNTRY | K1: REGION | L1: SUB-REGION | M1: Class. | N1: Organic? | O1: Case Size | P1: ABV %
A2: Charles Palmer | B2: =HYPERLINK(IFERROR("#Main_Tariff!A"&MATCH(Raeburn_Main_Tariff[[#This Row],[Product Code]],Main_Tariff!I:I,0),"#Main_Tariff!A"&MATCH("*"&RIGHT(A2,8)&"*",Main_Tariff!A:A,0)),Raeburn_Main_Tariff[[#This Row],[PRODUCER]]) -> Charles Palmer | C2: Charles Palmer rosé brut | D2: sp.p | E2: 2017 | F2: 75 | G2: 31 | I2: 25CPALMER02 | J2: England | K2: East Sussex | O2: 6 | P2: 12
A3: Charles Palmer | B3: =HYPERLINK(IFERROR("#Main_Tariff!A"&MATCH(Raeburn_Main_Tariff[[#This Row],[Product Code]],Main_Tariff!I:I,0),"#Main_Tariff!A"&MATCH("*"&RIGHT(A3,8)&"*",Main_Tariff!A:A,0)),Raeburn_Main_Tariff[[#This Row],[PRODUCER]]) -> Charles Palmer | C3: Charles Palmer classic cuvée brut | D3: sp | E3: 2017 | F3: 75 | G3: 30.5 | I3: 23CPALMER01 | J3: England | K3: East Sussex | O3: 6 | P3: 12
A4: Charles Palmer | B4: =HYPERLINK(IFERROR("#Main_Tariff!A"&MATCH(Raeburn_Main_Tariff[[#This Row],[Product Code]],Main_Tariff!I:I,0),"#Main_Tariff!A"&MATCH("*"&RIGHT(A4,8)&"*",Main_Tariff!A:A,0)),Raeburn_Main_Tariff[[#This Row],[PRODUCER]]) -> Charles Palmer | C4: Charles Palmer classic cuvée brut | D4: sp | E4: 2016 | F4: 75 | G4: 29 | H4: VAULTS <24 | I4: 22CPALMER01 | J4: England | K4: East Sussex | O4: 6 | P4: 12
A5: Charles Palmer | B5: =HYPERLINK(IFERROR("#Main_Tariff!A"&MATCH(Raeburn_Main_Tariff[[#This Row],[Product Code]],Main_Tariff!I:I,0),"#Main_Tariff!A"&MATCH("*"&RIGHT(A5,8)&"*",Main_Tariff!A:A,0)),Raeburn_Main_Tariff[[#This Row],[PRODUCER]]) -> Charles Palmer | C5: Charles Palmer blanc de blancs brut | D5: sp | E5: 2016 | F5: 75 | G5: 31.5 | I5: 22CPALMER02 | J5: England | K5: East Sussex | O5: 6 | P5: 12
A6: Charles Palmer | B6: =HYPERLINK(IFERROR("#Main_Tariff!A"&MATCH(Raeburn_Main_Tariff[[#This Row],[Product Code]],Main_Tariff!I:I,0),"#Main_Tariff!A"&MATCH("*"&RIGHT(A6,8)&"*",Main_Tariff!A:A,0)),Raeburn_Main_Tariff[[#This Row],[PRODUCER]]) -> Charles Palmer | C6: Charles Palmer special reserve blanc de pinot noir brut | D6: sp | E6: 2013 | F6: 75 | G6: 39.5 | I6: 19CPALMER04 | J6: England | K6: East Sussex | O6: 6 | P6: 12
A7: Charles Palmer | B7: =HYPERLINK(IFERROR("#Main_Tariff!A"&MATCH(Raeburn_Main_Tariff[[#This Row],[Product Code]],Main_Tariff!I:I,0),"#Main_Tariff!A"&MATCH("*"&RIGHT(A7,8)&"*",Main_Tariff!A:A,0)),Raeburn_Main_Tariff[[#This Row],[PRODUCER]]) -> Charles Palmer | C7: Charles Palmer special reserve blanc de pinot noir brut | D7: sp | E7: 2017 | F7: 75 | G7: 31.95 | I7: 25CPALMER01 | J7: England | K7: East Sussex | O7: 6 | P7: 12
A8: Charles Palmer | B8: =HYPERLINK(IFERROR("#Main_Tariff!A"&MATCH(Raeburn_Main_Tariff[[#This Row],[Product Code]],Main_Tariff!I:I,0),"#Main_Tariff!A"&MATCH("*"&RIGHT(A8,8)&"*",Main_Tariff!A:A,0)),Raeburn_Main_Tariff[[#This Row],[PRODUCER]]) -> Charles Palmer | C8: Charles Palmer pinot noir | D8: r | E8: 2020 | F8: 75 | G8: 24.5 | I8: 23CPALMER02 | J8: England | K8: East Sussex | O8: 6 | P8: 11
A9: André Beaufort | B9: =HYPERLINK(IFERROR("#Main_Tariff!A"&MATCH(Raeburn_Main_Tariff[[#This Row],[Product Code]],Main_Tariff!I:I,0),"#Main_Tariff!A"&MATCH("*"&RIGHT(A9,8)&"*",Main_Tariff!A:A,0)),Raeburn_Main_Tariff[[#This Row],[PRODUCER]]) -> André Beaufort | C9: Champagne Polisy | D9: sp | E9: 2000 | F9: 75 | G9: 78.5 | H9: <24 | I9: 11ABFORT07 | J9: France | K9: Champagne | L9: Polisy | O9: 6 | P9: 13
A10: André Beaufort | B10: =HYPERLINK(IFERROR("#Main_Tariff!A"&MATCH(Raeburn_Main_Tariff[[#This Row],[Product Code]],Main_Tariff!I:I,0),"#Main_Tariff!A"&MATCH("*"&RIGHT(A10,8)&"*",Main_Tariff!A:A,0)),Raeburn_Main_Tariff[[#This Row],[PRODUCER]]) -> André Beaufort | C10: Champagne Polisy | D10: sp | E10: 1999 | F10: 75 | G10: 85 | H10: <24 | I10: 11ABFORT17 | J10: France | K10: Champagne | L10: Polisy | O10: 6 | P10: 13
A11: André Beaufort | B11: =HYPERLINK(IFERROR("#Main_Tariff!A"&MATCH(Raeburn_Main_Tariff[[#This Row],[Product Code]],Main_Tariff!I:I,0),"#Main_Tariff!A"&MATCH("*"&RIGHT(A11,8)&"*",Main_Tariff!A:A,0)),Raeburn_Main_Tariff[[#This Row],[PRODUCER]]) -> André Beaufort | C11: Champagne Ambonnay blanc de blanc GC | D11: sp | E11: 2011 | F11: 75 | G11: 99.5 | I11: 18ABFORT11 | J11: France | K11: Champagne | L11: Ambonnay | M11: GC | O11: 6 | P11: 12
A12: André Beaufort | B12: =HYPERLINK(IFERROR("#Main_Tariff!A"&MATCH(Raeburn_Main_Tariff[[#This Row],[Product Code]],Main_Tariff!I:I,0),"#Main_Tariff!A"&MATCH("*"&RIGHT(A12,8)&"*",Main_Tariff!A:A,0)),Raeburn_Main_Tariff[[#This Row],[PRODUCER]]) -> André Beaufort | C12: Champagne Les Clos d'Ambonnay GC | D12: sp | E12: 2010 | F12: 75 | G12: 99.5 | H12: <24 | I12: 18ABFORT05 | J12: France | K12: Champagne | L12: Ambonnay | M12: GC | O12: 6 | P12: 12
A13: André Beaufort | B13: =HYPERLINK(IFERROR("#Main_Tariff!A"&MATCH(Raeburn_Main_Tariff[[#This Row],[Product Code]],Main_Tariff!I:I,0),"#Main_Tariff!A"&MATCH("*"&RIGHT(A13,8)&"*",Main_Tariff!A:A,0)),Raeburn_Main_Tariff[[#This Row],[PRODUCER]]) -> André Beaufort | C13: Champagne Ambonnay GC | D13: sp | E13: 2010 | F13: 75 | G13: 99.5 | I13: 18ABFORT06 | J13: France | K13: Champagne | L13: Ambonnay | M13: GC | O13: 6 | P13: 12
A14: André Beaufort | B14: =HYPERLINK(IFERROR("#Main_Tariff!A"&MATCH(Raeburn_Main_Tariff[[#This Row],[Product Code]],Main_Tariff!I:I,0),"#Main_Tariff!A"&MATCH("*"&RIGHT(A14,8)&"*",Main_Tariff!A:A,0)),Raeburn_Main_Tariff[[#This Row],[PRODUCER]]) -> André Beaufort | C14: Champagne Ambonnay GC | D14: sp | E14: 2005 | F14: 75 | G14: 86 | H14: <24 | I14: 18ABFORT03 | J14: France | K14: Champagne | L14: Ambonnay | M14: GC | O14: 6 | P14: 12
A15: Albert Beerens | B15: =HYPERLINK(IFERROR("#Main_Tariff!A"&MATCH(Raeburn_Main_Tariff[[#This Row],[Product Code]],Main_Tariff!I:I,0),"#Main_Tariff!A"&MATCH("*"&RIGHT(A15,8)&"*",Main_Tariff!A:A,0)),Raeburn_Main_Tariff[[#This Row],[PRODUCER]]) -> Albert Beerens | C15: Champagne Eternel rosé | D15: sp.p | E15: nv | F15: 75 | G15: 30.5 | I15: 19BEERENS03 | J15: France | K15: Champagne | L15: Ambonnay | O15: 6 | P15: 12
A16: Albert Beerens | B16: =HYPERLINK(IFERROR("#Main_Tariff!A"&MATCH(Raeburn_Main_Tariff[[#This Row],[Product Code]],Main_Tariff!I:I,0),"#Main_Tariff!A"&MATCH("*"&RIGHT(A16,8)&"*",Main_Tariff!A:A,0)),Raeburn_Main_Tariff[[#This Row],[PRODUCER]]) -> Albert Beerens | C16: Champagne blanc de noirs brut | D16: sp | E16: nv | F16: 75 | G16: 27 | I16: 23BEERENS01 | J16: France | K16: Champagne | L16: Ambonnay | O16: 6 | P16: 12
A17: Albert Beerens | B17: =HYPERLINK(IFERROR("#Main_Tariff!A"&MATCH(Raeburn_Main_Tariff[[#This Row],[Product Code]],Main_Tariff!I:I,0),"#Main_Tariff!A"&MATCH("*"&RIGHT(A17,8)&"*",Main_Tariff!A:A,0)),Raeburn_Main_Tariff[[#This Row],[PRODUCER]]) -> Albert Beerens | C17: Champagne brut nature | D17: sp | E17: nv | F17: 75 | G17: 29 | I17: 23BEERENS02 | J17: France | K17: Champagne | L17: Ambonnay | O17: 6 | P17: 12
A18: Albert Beerens | B18: =HYPERLINK(IFERROR("#Main_Tariff!A"&MATCH(Raeburn_Main_Tariff[[#This Row],[Product Code]],Main_Tariff!I:I,0),"#Main_Tariff!A"&MATCH("*"&RIGHT(A18,8)&"*",Main_Tariff!A:A,0)),Raeburn_Main_Tariff[[#This Row],[PRODUCER]]) -> Albert Beerens | C18: Champagne brut Signature | D18: sp | E18: nv | F18: 75 | G18: 42 | I18: 22BEERENS04 | J18: France | K18: Champagne | L18: Ambonnay | O18: 6 | P18: 12
A19: Albert Beerens | B19: =HYPERLINK(IFERROR("#Main_Tariff!A"&MATCH(Raeburn_Main_Tariff[[#This Row],[Product Code]],Main_Tariff!I:I,0),"#Main_Tariff!A"&MATCH("*"&RIGHT(A19,8)&"*",Main_Tariff!A:A,0)),Raeburn_Main_Tariff[[#This Row],[PRODUCER]]) -> Albert Beerens | C19: Champagne Prestige Millésimé | D19: sp | E19: 2013 | F19: 75 | G19: 46 | I19: 22BEERENS05 | J19: France | K19: Champagne | L19: Ambonnay | O19: 6 | P19: 12
A20: Albert Beerens | B20: =HYPERLINK(IFERROR("#Main_Tariff!A"&MATCH(Raeburn_Main_Tariff[[#This Row],[Product Code]],Main_Tariff!I:I,0),"#Main_Tariff!A"&MATCH("*"&RIGHT(A20,8)&"*",Main_Tariff!A:A,0)),Raeburn_Main_Tariff[[#This Row],[PRODUCER]]) -> Albert Beerens | C20: Champagne blanc de noirs brut MAGS | D20: sp | E20: nv | F20: 150 | G20: 57 | H20: <24 | I20: 22BEERENS01MG | J20: France | K20: Champagne | L20: Ambonnay | O20: 3 | P20: 12
A21: Champagne Augustin | B21: =HYPERLINK(IFERROR("#Main_Tariff!A"&MATCH(Raeburn_Main_Tariff[[#This Row],[Product Code]],Main_Tariff!I:I,0),"#Main_Tariff!A"&MATCH("*"&RIGHT(A21,8)&"*",Main_Tariff!A:A,0)),Raeburn_Main_Tariff[[#This Row],[PRODUCER]]) -> Champagne Augustin | C21: Champagne TERRE (disgorged Mar.2021) | D21: sp | E21: 'nv19' | F21: 75 | G21: 36 | I21: 22AUGUSTIN01 | J21: France | K21: Champagne | N21: Organic | O21: 6 | P21: 12
A22: Champagne Augustin | B22: =HYPERLINK(IFERROR("#Main_Tariff!A"&MATCH(Raeburn_Main_Tariff[[#This Row],[Product Code]],Main_Tariff!I:I,0),"#Main_Tariff!A"&MATCH("*"&RIGHT(A22,8)&"*",Main_Tariff!A:A,0)),Raeburn_Main_Tariff[[#This Row],[PRODUCER]]) -> Champagne Augustin | C22: Champagne FEU (vv - disgorged Mar.2021) | D22: sp | E22: nv | F22: 75 | G22: 44 | I22: 22AUGUSTIN03 | J22: France | K22: Champagne | N22: Organic | O22: 6 | P22: 12
A23: Champagne Augustin | B23: =HYPERLINK(IFERROR("#Main_Tariff!A"&MATCH(Raeburn_Main_Tariff[[#This Row],[Product Code]],Main_Tariff!I:I,0),"#Main_Tariff!A"&MATCH("*"&RIGHT(A23,8)&"*",Main_Tariff!A:A,0)),Raeburn_Main_Tariff[[#This Row],[PRODUCER]]) -> Champagne Augustin | C23: Champagne CXVI (aka 116 aka sans souffre - disgorged Mar.2020) | D23: sp | E23: 'nv16' | F23: 75 | G23: 57 | I23: 22AUGUSTIN02 | J23: France | K23: Champagne | O23: 6 | P23: 12
A24: Champagne Augustin | B24: =HYPERLINK(IFERROR("#Main_Tariff!A"&MATCH(Raeburn_Main_Tariff[[#This Row],[Product Code]],Main_Tariff!I:I,0),"#Main_Tariff!A"&MATCH("*"&RIGHT(A24,8)&"*",Main_Tariff!A:A,0)),Raeburn_Main_Tariff[[#This Row],[PRODUCER]]) -> Champagne Augustin | C24: Champagne O2 Rosée aka EAU (vv - disgorged Mar.2020) | D24: sp.p | E24: nv | F24: 75 | G24: 80 | I24: 22AUGUSTIN04 | J24: France | K24: Champagne | N24: Organic | O24: 6 | P24: 12
A25: Champagne Augustin | B25: =HYPERLINK(IFERROR("#Main_Tariff!A"&MATCH(Raeburn_Main_Tariff[[#This Row],[Product Code]],Main_Tariff!I:I,0),"#Main_Tariff!A"&MATCH("*"&RIGHT(A25,8)&"*",Main_Tariff!A:A,0)),Raeburn_Main_Tariff[[#This Row],[PRODUCER]]) -> Champagne Augustin | C25: Champagne Rosé Gaia (vv) | D25: sp.p | E25: nv | F25: 75 | G25: 97 | H25: <24 | I25: 22AUGUSTIN05 | J25: France | K25: Champagne | N25: Organic | O25: 3 | P25: 12
A26: Henri Billiot | B26: =HYPERLINK(IFERROR("#Main_Tariff!A"&MATCH(Raeburn_Main_Tariff[[#This Row],[Product Code]],Main_Tariff!I:I,0),"#Main_Tariff!A"&MATCH("*"&RIGHT(A26,8)&"*",Main_Tariff!A:A,0)),Raeburn_Main_Tariff[[#This Row],[PRODUCER]]) -> Henri Billiot | C26: Champagne rosé réserve | D26: sp.p | E26: nv | F26: 75 | G26: 31.5 | I26: 15BILLI01TB | J26: France | K26: Champagne | L26: Ambonnay | O26: 12 | P26: 12.5
A27: Henri Billiot | B27: =HYPERLINK(IFERROR("#Main_Tariff!A"&MATCH(Raeburn_Main_Tariff[[#This Row],[Product Code]],Main_Tariff!I:I,0),"#Main_Tariff!A"&MATCH("*"&RIGHT(A27,8)&"*",Main_Tariff!A:A,0)),Raeburn_Main_Tariff[[#This Row],[PRODUCER]]) -> Henri Billiot | C27: Champagne cuvée de réserve | D27: sp | E27: mv | F27: 75 | G27: 28 | I27: 22BILLI01 | J27: France | K27: Champagne | L27: Ambonnay | O27: 6 | P27: 12
A28: Henri Billiot | B28: =HYPERLINK(IFERROR("#Main_Tariff!A"&MATCH(Raeburn_Main_Tariff[[#This Row],[Product Code]],Main_Tariff!I:I,0),"#Main_Tariff!A"&MATCH("*"&RIGHT(A28,8)&"*",Main_Tariff!A:A,0)),Raeburn_Main_Tariff[[#This Row],[PRODUCER]]) -> Henri Billiot | C28: Champagne cuvée de réserve MAGS | D28: sp | F28: 150 | H28: OUT | I28: 22BILLI01MG | J28: France | K28: Champagne | L28: Ambonnay | O28: 3 | P28: 12
A29: Henri Billiot | B29: =HYPERLINK(IFERROR("#Main_Tariff!A"&MATCH(Raeburn_Main_Tariff[[#This Row],[Product Code]],Main_Tariff!I:I,0),"#Main_Tariff!A"&MATCH("*"&RIGHT(A29,8)&"*",Main_Tariff!A:A,0)),Raeburn_Main_Tariff[[#This Row],[PRODUCER]]) -> Henri Billiot | C29: Champagne millésimé | D29: sp | E29: 2014 | F29: 75 | G29: 40 | I29: 22BILLI02 | J29: France | K29: Champagne | L29: Ambonnay | O29: 6 | P29: 12.5
A30: Henri Billiot | B30: =HYPERLINK(IFERROR("#Main_Tariff!A"&MATCH(Raeburn_Main_Tariff[[#This Row],[Product Code]],Main_Tariff!I:I,0),"#Main_Tariff!A"&MATCH("*"&RIGHT(A30,8)&"*",Main_Tariff!A:A,0)),Raeburn_Main_Tariff[[#This Row],[PRODUCER]]) -> Henri Billiot | C30: Champagne Julie (cask aged - shipped 2011) | D30: sp | E30: nv | F30: 75 | G30: 48.5 | I30: 11BILLIOT21 | J30: France | K30: Champagne | L30: Ambonnay | O30: 6 | P30: 13
A31: Henri Billiot | B31: =HYPERLINK(IFERROR("#Main_Tariff!A"&MATCH(Raeburn_Main_Tariff[[#This Row],[Product Code]],Main_Tariff!I:I,0),"#Main_Tariff!A"&MATCH("*"&RIGHT(A31,8)&"*",Main_Tariff!A:A,0)),Raeburn_Main_Tariff[[#This Row],[PRODUCER]]) -> Henri Billiot | C31: Champagne Laetitia (solera - shipped 2022) | D31: sp | E31: mv | F31: 75 | G31: 48.5 | I31: 22BILLI03 | J31: France | K31: Champagne | L31: Ambonnay | O31: 6 | P31: 12.5
A32: Henri Billiot | B32: =HYPERLINK(IFERROR("#Main_Tariff!A"&MATCH(Raeburn_Main_Tariff[[#This Row],[Product Code]],Main_Tariff!I:I,0),"#Main_Tariff!A"&MATCH("*"&RIGHT(A32,8)&"*",Main_Tariff!A:A,0)),Raeburn_Main_Tariff[[#This Row],[PRODUCER]]) -> Henri Billiot | C32: Champagne Essence de Billiot | D32: sp | E32: 2014 | F32: 75 | G32: 100 | I32: 22BILLI04 | J32: France | K32: Champagne | L32: Ambonnay | O32: 1 | P32: 12.5
A33: Benoit Dehu | B33: =HYPERLINK(IFERROR("#Main_Tariff!A"&MATCH(Raeburn_Main_Tariff[[#This Row],[Product Code]],Main_Tariff!I:I,0),"#Main_Tariff!A"&MATCH("*"&RIGHT(A33,8)&"*",Main_Tariff!A:A,0)),Raeburn_Main_Tariff[[#This Row],[PRODUCER]]) -> Benoit Dehu | C33: Champagne Initiation brut rosé | D33: sp.p | E33: L.19 | F33: 75 | G33: 44.5 | H33: <24 | I33: 21BDEHU06 | J33: France | K33: Champagne | O33: 6 | P33: 12
A34: Benoit Dehu | B34: =HYPERLINK(IFERROR("#Main_Tariff!A"&MATCH(Raeburn_Main_Tariff[[#This Row],[Product Code]],Main_Tariff!I:I,0),"#Main_Tariff!A"&MATCH("*"&RIGHT(A34,8)&"*",Main_Tariff!A:A,0)),Raeburn_Main_Tariff[[#This Row],[PRODUCER]]) -> Benoit Dehu | C34: Champagne La Rue des Noyers rosé de saignée | D34: sp.p | E34: L.19 | F34: 75 | G34: 67 | H34: <24 | I34: 21BDEHU05 | J34: France | K34: Champagne | N34: Organic | O34: 6 | P34: 12
A35: Benoit Dehu | B35: =HYPERLINK(IFERROR("#Main_Tariff!A"&MATCH(Raeburn_Main_Tariff[[#This Row],[Product Code]],Main_Tariff!I:I,0),"#Main_Tariff!A"&MATCH("*"&RIGHT(A35,8)&"*",Main_Tariff!A:A,0)),Raeburn_Main_Tariff[[#This Row],[PRODUCER]]) -> Benoit Dehu | C35: Champagne La Rue des Noyers rosé de saignée | D35: sp.p | E35: L.18 | F35: 75 | G35: 66 | I35: 20BDEHU04 | J35: France | K35: Champagne | N35: Organic | O35: 6 | P35: 12
A36: Benoit Dehu | B36: =HYPERLINK(IFERROR("#Main_Tariff!A"&MATCH(Raeburn_Main_Tariff[[#This Row],[Product Code]],Main_Tariff!I:I,0),"#Main_Tariff!A"&MATCH("*"&RIGHT(A36,8)&"*",Main_Tariff!A:A,0)),Raeburn_Main_Tariff[[#This Row],[PRODUCER]]) -> Benoit Dehu | C36: Champagne Initiation brut | D36: sp | E36: L.18 | F36: 75 | G36: 40.5 | I36: 21BDEHU04 | J36: France | K36: Champagne | O36: 6 | P36: 12
A37: Benoit Dehu | B37: =HYPERLINK(IFERROR("#Main_Tariff!A"&MATCH(Raeburn_Main_Tariff[[#This Row],[Product Code]],Main_Tariff!I:I,0),"#Main_Tariff!A"&MATCH("*"&RIGHT(A37,8)&"*",Main_Tariff!A:A,0)),Raeburn_Main_Tariff[[#This Row],[PRODUCER]]) -> Benoit Dehu | C37: Champagne Initiation brut | D37: sp | E37: L.17 | F37: 75 | G37: 39.5 | H37: <24 | I37: 20BDEHU03 | J37: France | K37: Champagne | O37: 6 | P37: 12
A38: Benoit Dehu | B38: =HYPERLINK(IFERROR("#Main_Tariff!A"&MATCH(Raeburn_Main_Tariff[[#This Row],[Product Code]],Main_Tariff!I:I,0),"#Main_Tariff!A"&MATCH("*"&RIGHT(A38,8)&"*",Main_Tariff!A:A,0)),Raeburn_Main_Tariff[[#This Row],[PRODUCER]]) -> Benoit Dehu | C38: Champagne La Rue des Noyers extra brut | D38: sp | E38: L.16 | F38: 75 | G38: 53 | I38: 21BDEHU01 | J38: France | K38: Champagne | N38: Organic | O38: 6 | P38: 12
A39: Benoit Dehu | B39: =HYPERLINK(IFERROR("#Main_Tariff!A"&MATCH(Raeburn_Main_Tariff[[#This Row],[Product Code]],Main_Tariff!I:I,0),"#Main_Tariff!A"&MATCH("*"&RIGHT(A39,8)&"*",Main_Tariff!A:A,0)),Raeburn_Main_Tariff[[#This Row],[PRODUCER]]) -> Benoit Dehu | C39: Champagne La Rue des Noyers extra brut | D39: sp | E39: L.15 | F39: 75 | G39: 52 | I39: 20BDEHU01 | J39: France | K39: Champagne | N39: Organic | O39: 6 | P39: 12
A40: Benoit Dehu | B40: =HYPERLINK(IFERROR("#Main_Tariff!A"&MATCH(Raeburn_Main_Tariff[[#This Row],[Product Code]],Main_Tariff!I:I,0),"#Main_Tariff!A"&MATCH("*"&RIGHT(A40,8)&"*",Main_Tariff!A:A,0)),Raeburn_Main_Tariff[[#This Row],[PRODUCER]]) -> Benoit Dehu | C40: Champagne La Rue des Noyers extra brut | D40: sp | E40: L.14 | F40: 75 | G40: 51 | H40: VAULTS <24 | I40: 18BDEHU01TB | J40: France | K40: Champagne | N40: Organic | O40: 6 | P40: 12
A41: Benoit Dehu | B41: =HYPERLINK(IFERROR("#Main_Tariff!A"&MATCH(Raeburn_Main_Tariff[[#This Row],[Product Code]],Main_Tariff!I:I,0),"#Main_Tariff!A"&MATCH("*"&RIGHT(A41,8)&"*",Main_Tariff!A:A,0)),Raeburn_Main_Tariff[[#This Row],[PRODUCER]]) -> Benoit Dehu | C41: Champagne Cuvée de L'Orme extra brut | D41: sp | E41: L.17 | F41: 75 | G41: 69.5 | I41: 21BDEHU02 | J41: France | K41: Champagne | O41: 6 | P41: 12
A42: Benoit Dehu | B42: =HYPERLINK(IFERROR("#Main_Tariff!A"&MATCH(Raeburn_Main_Tariff[[#This Row],[Product Code]],Main_Tariff!I:I,0),"#Main_Tariff!A"&MATCH("*"&RIGHT(A42,8)&"*",Main_Tariff!A:A,0)),Raeburn_Main_Tariff[[#This Row],[PRODUCER]]) -> Benoit Dehu | C42: Champagne Cuvée de L'Orme extra brut | D42: sp | E42: L.15 | F42: 75 | G42: 69.5 | I42: 20BDEHU02 | J42: France | K42: Champagne | O42: 6 | P42: 12
A43: Benoit Dehu | B43: =HYPERLINK(IFERROR("#Main_Tariff!A"&MATCH(Raeburn_Main_Tariff[[#This Row],[Product Code]],Main_Tariff!I:I,0),"#Main_Tariff!A"&MATCH("*"&RIGHT(A43,8)&"*",Main_Tariff!A:A,0)),Raeburn_Main_Tariff[[#This Row],[PRODUCER]]) -> Benoit Dehu | C43: Champagne Cuvée La Pythie extra brut (a single cask of Noyers) | D43: sp | E43: L.18 | F43: 75 | G43: 89 | H43: <24 | I43: 21BDEHU03 | J43: France | K43: Champagne | N43: Organic | O43: 6 | P43: 12
A44: Benoit Dehu | B44: =HYPERLINK(IFERROR("#Main_Tariff!A"&MATCH(Raeburn_Main_Tariff[[#This Row],[Product Code]],Main_Tariff!I:I,0),"#Main_Tariff!A"&MATCH("*"&RIGHT(A44,8)&"*",Main_Tariff!A:A,0)),Raeburn_Main_Tariff[[#This Row],[PRODUCER]]) -> Benoit Dehu | C44: Champagne La Rue des Noyers extra brut MAGS | D44: sp | E44: L.14 | F44: 150 | G44: 115 | H44: <24 | I44: 21BDEHU01MG | J44: France | K44: Champagne | O44: 3 | P44: 12
A45: Benoit Dehu | B45: =HYPERLINK(IFERROR("#Main_Tariff!A"&MATCH(Raeburn_Main_Tariff[[#This Row],[Product Code]],Main_Tariff!I:I,0),"#Main_Tariff!A"&MATCH("*"&RIGHT(A45,8)&"*",Main_Tariff!A:A,0)),Raeburn_Main_Tariff[[#This Row],[PRODUCER]]) -> Benoit Dehu | C45: Coteaux Champenois La Rue des Noyers BLANC | D45: w | E45: L.11 | F45: 75 | G45: 56 | H45: <24 | I45: 15BDEHU02TB | J45: France | K45: Champagne | L45: Coteaux Champenois | O45: 6 | P45: 12
A46: Benoit Dehu | B46: =HYPERLINK(IFERROR("#Main_Tariff!A"&MATCH(Raeburn_Main_Tariff[[#This Row],[Product Code]],Main_Tariff!I:I,0),"#Main_Tariff!A"&MATCH("*"&RIGHT(A46,8)&"*",Main_Tariff!A:A,0)),Raeburn_Main_Tariff[[#This Row],[PRODUCER]]) -> Benoit Dehu | C46: Coteaux Champenois La Rue des Noyers ROUGE | D46: r | E46: L.14 | F46: 75 | G46: 56 | H46: <24 | I46: 19BDEHU04TB | J46: France | K46: Champagne | L46: Coteaux Champenois | O46: 6 | P46: 12
A47: Benoit Dehu | B47: =HYPERLINK(IFERROR("#Main_Tariff!A"&MATCH(Raeburn_Main_Tariff[[#This Row],[Product Code]],Main_Tariff!I:I,0),"#Main_Tariff!A"&MATCH("*"&RIGHT(A47,8)&"*",Main_Tariff!A:A,0)),Raeburn_Main_Tariff[[#This Row],[PRODUCER]]) -> Benoit Dehu | C47: Coteaux Champenois La Rue des Noyers ROUGE | D47: r | E47: L.13 | F47: 75 | G47: 59.5 | H47: <24 | I47: 17BDEHU03TB | J47: France | K47: Champagne | L47: Coteaux Champenois | O47: 6 | P47: 12
A48: Benoit Dehu | B48: =HYPERLINK(IFERROR("#Main_Tariff!A"&MATCH(Raeburn_Main_Tariff[[#This Row],[Product Code]],Main_Tariff!I:I,0),"#Main_Tariff!A"&MATCH("*"&RIGHT(A48,8)&"*",Main_Tariff!A:A,0)),Raeburn_Main_Tariff[[#This Row],[PRODUCER]]) -> Benoit Dehu | C48: Coteaux Champenois La Rue des Noyers ROUGE | D48: r | E48: L.11 | F48: 75 | G48: 49.5 | I48: 15BDEHU03TB | J48: France | K48: Champagne | L48: Coteaux Champenois | O48: 6 | P48: 12
A49: Gonet-Sulcova | B49: =HYPERLINK(IFERROR("#Main_Tariff!A"&MATCH(Raeburn_Main_Tariff[[#This Row],[Product Code]],Main_Tariff!I:I,0),"#Main_Tariff!A"&MATCH("*"&RIGHT(A49,8)&"*",Main_Tariff!A:A,0)),Raeburn_Main_Tariff[[#This Row],[PRODUCER]]) -> Gonet-Sulcova | C49: Champagne Rosé cuvée Sakura extra brut | D49: sp.p | E49: mv | F49: 75 | G49: 34.5 | I49: 24GONET04 | J49: France | K49: Champagne | O49: 6 | P49: 12.5
A50: Gonet-Sulcova | B50: =HYPERLINK(IFERROR("#Main_Tariff!A"&MATCH(Raeburn_Main_Tariff[[#This Row],[Product Code]],Main_Tariff!I:I,0),"#Main_Tariff!A"&MATCH("*"&RIGHT(A50,8)&"*",Main_Tariff!A:A,0)),Raeburn_Main_Tariff[[#This Row],[PRODUCER]]) -> Gonet-Sulcova | C50: Champagne blanc de blancs brut HVS | D50: sp | F50: 37.5 | H50: OUT | I50: 22GONET05HF | J50: France | K50: Champagne | O50: 12 | P50: 12
A51: Gonet-Sulcova | B51: =HYPERLINK(IFERROR("#Main_Tariff!A"&MATCH(Raeburn_Main_Tariff[[#This Row],[Product Code]],Main_Tariff!I:I,0),"#Main_Tariff!A"&MATCH("*"&RIGHT(A51,8)&"*",Main_Tariff!A:A,0)),Raeburn_Main_Tariff[[#This Row],[PRODUCER]]) -> Gonet-Sulcova | C51: Champagne brut réserve | D51: sp | E51: mv | F51: 75 | G51: 23.5 | I51: 24GONET01 | J51: France | K51: Champagne | O51: 6 | P51: 12
A52: Gonet-Sulcova | B52: =HYPERLINK(IFERROR("#Main_Tariff!A"&MATCH(Raeburn_Main_Tariff[[#This Row],[Product Code]],Main_Tariff!I:I,0),"#Main_Tariff!A"&MATCH("*"&RIGHT(A52,8)&"*",Main_Tariff!A:A,0)),Raeburn_Main_Tariff[[#This Row],[PRODUCER]]) -> Gonet-Sulcova | C52: Champagne blanc de blancs brut | D52: sp | E52: mv | F52: 75 | G52: 26.5 | I52: 25GONET04 | J52: France | K52: Champagne | O52: 6 | P52: 12
A53: Gonet-Sulcova | B53: =HYPERLINK(IFERROR("#Main_Tariff!A"&MATCH(Raeburn_Main_Tariff[[#This Row],[Product Code]],Main_Tariff!I:I,0),"#Main_Tariff!A"&MATCH("*"&RIGHT(A53,8)&"*",Main_Tariff!A:A,0)),Raeburn_Main_Tariff[[#This Row],[PRODUCER]]) -> Gonet-Sulcova | C53: Champagne cuvée Vincent Gonet (shipped 2012) | D53: sp | E53: mv | F53: 75 | G53: 28.75 | H53: <24 | I53: 12GONET04 | J53: France | K53: Champagne | O53: 6 | P53: 13
A54: Gonet-Sulcova | B54: =HYPERLINK(IFERROR("#Main_Tariff!A"&MATCH(Raeburn_Main_Tariff[[#This Row],[Product Code]],Main_Tariff!I:I,0),"#Main_Tariff!A"&MATCH("*"&RIGHT(A54,8)&"*",Main_Tariff!A:A,0)),Raeburn_Main_Tariff[[#This Row],[PRODUCER]]) -> Gonet-Sulcova | C54: Champagne brut réserve MAGS | D54: sp | E54: mv | F54: 150 | G54: 48.5 | I54: 24GONET01MG | J54: France | K54: Champagne | O54: 3 | P54: 12
A55: Gonet-Sulcova | B55: =HYPERLINK(IFERROR("#Main_Tariff!A"&MATCH(Raeburn_Main_Tariff[[#This Row],[Product Code]],Main_Tariff!I:I,0),"#Main_Tariff!A"&MATCH("*"&RIGHT(A55,8)&"*",Main_Tariff!A:A,0)),Raeburn_Main_Tariff[[#This Row],[PRODUCER]]) -> Gonet-Sulcova | C55: Champagne grand millésime GC (bdb) brut | D55: sp | E55: 2015 | F55: 75 | G55: 36 | I55: 25GONET02 | J55: France | K55: Champagne | M55: GC | O55: 6 | P55: 12.5
A56: Gonet-Sulcova | B56: =HYPERLINK(IFERROR("#Main_Tariff!A"&MATCH(Raeburn_Main_Tariff[[#This Row],[Product Code]],Main_Tariff!I:I,0),"#Main_Tariff!A"&MATCH("*"&RIGHT(A56,8)&"*",Main_Tariff!A:A,0)),Raeburn_Main_Tariff[[#This Row],[PRODUCER]]) -> Gonet-Sulcova | C56: Champagne grand millésime GC (bdb) brut MAGS | D56: sp | E56: 2006 | F56: 150 | G56: 69.5 | I56: 24GONET03MG | J56: France | K56: Champagne | M56: GC | O56: 3 | P56: 12
A57: Gonet-Sulcova | B57: =HYPERLINK(IFERROR("#Main_Tariff!A"&MATCH(Raeburn_Main_Tariff[[#This Row],[Product Code]],Main_Tariff!I:I,0),"#Main_Tariff!A"&MATCH("*"&RIGHT(A57,8)&"*",Main_Tariff!A:A,0)),Raeburn_Main_Tariff[[#This Row],[PRODUCER]]) -> Gonet-Sulcova | C57: Champagne grand millésime GC (bdb) brut MAGS | D57: sp | E57: 2005 | F57: 150 | G57: 72 | H57: <24 | I57: 24GONET05MG | J57: France | K57: Champagne | M57: GC | O57: 3 | P57: 12
A58: Gonet-Sulcova | B58: =HYPERLINK(IFERROR("#Main_Tariff!A"&MATCH(Raeburn_Main_Tariff[[#This Row],[Product Code]],Main_Tariff!I:I,0),"#Main_Tariff!A"&MATCH("*"&RIGHT(A58,8)&"*",Main_Tariff!A:A,0)),Raeburn_Main_Tariff[[#This Row],[PRODUCER]]) -> Gonet-Sulcova | C58: Champagne Millesimé Le Mesnil GC bdb JEROS | D58: sp | E58: 1996 | F58: 300 | G58: 277 | H58: <24 | I58: 15GONET08JB | J58: France | K58: Champagne | M58: GC | O58: 1 | P58: 12
A59: Gonet-Sulcova | B59: =HYPERLINK(IFERROR("#Main_Tariff!A"&MATCH(Raeburn_Main_Tariff[[#This Row],[Product Code]],Main_Tariff!I:I,0),"#Main_Tariff!A"&MATCH("*"&RIGHT(A59,8)&"*",Main_Tariff!A:A,0)),Raeburn_Main_Tariff[[#This Row],[PRODUCER]]) -> Gonet-Sulcova | C59: Champagne Gaia Le Mesnil GC bdb (incl. tvv) extra brut | D59: sp | E59: 2010 | F59: 75 | G59: 44.5 | I59: 21GONET06 | J59: France | K59: Champagne | L59: Chetillon | M59: GC | O59: 6 | P59: 12
A60: Gonet-Sulcova | B60: =HYPERLINK(IFERROR("#Main_Tariff!A"&MATCH(Raeburn_Main_Tariff[[#This Row],[Product Code]],Main_Tariff!I:I,0),"#Main_Tariff!A"&MATCH("*"&RIGHT(A60,8)&"*",Main_Tariff!A:A,0)),Raeburn_Main_Tariff[[#This Row],[PRODUCER]]) -> Gonet-Sulcova | C60: Champagne Gaia Le Mesnil GC bdb (incl. tvv) brut MAGS | D60: sp | E60: 2004 | F60: 150 | G60: 102 | H60: <24 | I60: 25GONET05MG | J60: France | K60: Champagne | L60: Chetillon | M60: GC | O60: 12 | P60: 12.5
A61: Gyejacquot | B61: =HYPERLINK(IFERROR("#Main_Tariff!A"&MATCH(Raeburn_Main_Tariff[[#This Row],[Product Code]],Main_Tariff!I:I,0),"#Main_Tariff!A"&MATCH("*"&RIGHT(A61,8)&"*",Main_Tariff!A:A,0)),Raeburn_Main_Tariff[[#This Row],[PRODUCER]]) -> Gyejacquot | C61: Champagne 'Decelle' brut rosé by Gyejacquot (shipped 2016) | D61: sp.p | E61: nv | F61: 75 | G61: 23 | I61: 16GYEDEC02TB | J61: France | K61: Champagne | O61: 6 | P61: 12
A62: Gyejacquot | B62: =HYPERLINK(IFERROR("#Main_Tariff!A"&MATCH(Raeburn_Main_Tariff[[#This Row],[Product Code]],Main_Tariff!I:I,0),"#Main_Tariff!A"&MATCH("*"&RIGHT(A62,8)&"*",Main_Tariff!A:A,0)),Raeburn_Main_Tariff[[#This Row],[PRODUCER]]) -> Gyejacquot | C62: Champagne Charles Simon rosé (shipped 2013) | D62: sp.p | E62: nv | F62: 75 | G62: 22.5 | H62: <24 | I62: 13GFRERES01T | J62: France | K62: Champagne | O62: 6 | P62: 12
A63: Gyejacquot | B63: =HYPERLINK(IFERROR("#Main_Tariff!A"&MATCH(Raeburn_Main_Tariff[[#This Row],[Product Code]],Main_Tariff!I:I,0),"#Main_Tariff!A"&MATCH("*"&RIGHT(A63,8)&"*",Main_Tariff!A:A,0)),Raeburn_Main_Tariff[[#This Row],[PRODUCER]]) -> Gyejacquot | C63: Champagne Gyejacquot brut Tradition (shipped 2013) HVS | D63: sp | E63: nv | F63: 75 | G63: 15 | H63: VAULTS <24 | I63: 13GYEJ01HTB | J63: France | K63: Champagne | O63: 12 | P63: 12
A64: Gyejacquot | B64: =HYPERLINK(IFERROR("#Main_Tariff!A"&MATCH(Raeburn_Main_Tariff[[#This Row],[Product Code]],Main_Tariff!I:I,0),"#Main_Tariff!A"&MATCH("*"&RIGHT(A64,8)&"*",Main_Tariff!A:A,0)),Raeburn_Main_Tariff[[#This Row],[PRODUCER]]) -> Gyejacquot | C64: Champagne Cuvee Millesime by Gyejacquot | D64: sp | E64: 2015 | F64: 75 | G64: 35 | H64: <24 | I64: 12GFRERES02T | J64: France | K64: Champagne | O64: 6 | P64: 13
A65: Gyejacquot | B65: =HYPERLINK(IFERROR("#Main_Tariff!A"&MATCH(Raeburn_Main_Tariff[[#This Row],[Product Code]],Main_Tariff!I:I,0),"#Main_Tariff!A"&MATCH("*"&RIGHT(A65,8)&"*",Main_Tariff!A:A,0)),Raeburn_Main_Tariff[[#This Row],[PRODUCER]]) -> Gyejacquot | C65: Champagne Anatom bdb (shipped 2013) | D65: sp | E65: nv | F65: 75 | G65: 39.5 | H65: <24 | I65: 13GYEJ03TB | J65: France | K65: Champagne | O65: 6 | P65: 12
A66: Gyejacquot | B66: =HYPERLINK(IFERROR("#Main_Tariff!A"&MATCH(Raeburn_Main_Tariff[[#This Row],[Product Code]],Main_Tariff!I:I,0),"#Main_Tariff!A"&MATCH("*"&RIGHT(A66,8)&"*",Main_Tariff!A:A,0)),Raeburn_Main_Tariff[[#This Row],[PRODUCER]]) -> Gyejacquot | C66: Champagne Anatom bdb (shipped 2015) | D66: sp | E66: nv | F66: 75 | G66: 39.5 | I66: 15GYEJ10TB | J66: France | K66: Champagne | O66: 6 | P66: 12
A67: David Leclapart | B67: =HYPERLINK(IFERROR("#Main_Tariff!A"&MATCH(Raeburn_Main_Tariff[[#This Row],[Product Code]],Main_Tariff!I:I,0),"#Main_Tariff!A"&MATCH("*"&RIGHT(A67,8)&"*",Main_Tariff!A:A,0)),Raeburn_Main_Tariff[[#This Row],[PRODUCER]]) -> David Leclapart | C67: Champagne L'Aphrodisiaque | D67: sp | E67: LV17 | F67: 75 | G67: 131 | I67: 21DLECL02TB | J67: France | K67: Champagne | N67: Organic | O67: 6 | P67: 12.5
A68: David Leclapart | B68: =HYPERLINK(IFERROR("#Main_Tariff!A"&MATCH(Raeburn_Main_Tariff[[#This Row],[Product Code]],Main_Tariff!I:I,0),"#Main_Tariff!A"&MATCH("*"&RIGHT(A68,8)&"*",Main_Tariff!A:A,0)),Raeburn_Main_Tariff[[#This Row],[PRODUCER]]) -> David Leclapart | C68: Coteaux Champenois chardonnay de Trépail | D68: w | E68: LV20 | F68: 75 | G68: 79 | H68: <24 | I68: 21DLECL03TB | J68: France | K68: Champagne | L68: Coteaux Champenois | N68: Organic | O68: 6 | P68: 11.5
A69: Lilbert & Fils | B69: =HYPERLINK(IFERROR("#Main_Tariff!A"&MATCH(Raeburn_Main_Tariff[[#This Row],[Product Code]],Main_Tariff!I:I,0),"#Main_Tariff!A"&MATCH("*"&RIGHT(A69,8)&"*",Main_Tariff!A:A,0)),Raeburn_Main_Tariff[[#This Row],[PRODUCER]]) -> Lilbert & Fils | C69: Champagne Lilbert bdb brut GC MAGS | D69: sp | E69: nv | F69: 150 | G69: 67 | H69: <24 | I69: 21LILB01MG | J69: France | K69: Champagne | M69: GC | O69: 3 | P69: 12
A70: Lilbert & Fils | B70: =HYPERLINK(IFERROR("#Main_Tariff!A"&MATCH(Raeburn_Main_Tariff[[#This Row],[Product Code]],Main_Tariff!I:I,0),"#Main_Tariff!A"&MATCH("*"&RIGHT(A70,8)&"*",Main_Tariff!A:A,0)),Raeburn_Main_Tariff[[#This Row],[PRODUCER]]) -> Lilbert & Fils | C70: Champagne Lilbert bdb brut Perle GC (vv, lower pressure) | D70: sp | E70: nv | F70: 75 | G70: 37.5 | I70: 21LILB02 | J70: France | K70: Champagne | M70: GC | O70: 6 | P70: 12
A71: La Parcelle, Champagne Chevreux Bournazel | B71: =HYPERLINK(IFERROR("#Main_Tariff!A"&MATCH(Raeburn_Main_Tariff[[#This Row],[Product Code]],Main_Tariff!I:I,0),"#Main_Tariff!A"&MATCH("*"&RIGHT(A71,8)&"*",Main_Tariff!A:A,0)),Raeburn_Main_Tariff[[#This Row],[PRODUCER]]) -> La Parcelle, Champagne Chevreux Bournazel | C71: Champagne La Parcelle | D71: sp | E71: 2019 | F71: 75 | G71: 64.5 | I71: 23CHEVBOUR02 | J71: France | K71: Champagne | O71: 6 | P71: 13
A72: La Parcelle, Champagne Chevreux Bournazel | B72: =HYPERLINK(IFERROR("#Main_Tariff!A"&MATCH(Raeburn_Main_Tariff[[#This Row],[Product Code]],Main_Tariff!I:I,0),"#Main_Tariff!A"&MATCH("*"&RIGHT(A72,8)&"*",Main_Tariff!A:A,0)),Raeburn_Main_Tariff[[#This Row],[PRODUCER]]) -> La Parcelle, Champagne Chevreux Bournazel | C72: Champagne La Parcelle - La Capella | D72: sp | E72: 2020 | F72: 75 | G72: 78.5 | I72: 23CHEVBOUR01 | J72: France | K72: Champagne | O72: 6 | P72: 12.5
A73: La Parcelle, Champagne Chevreux Bournazel | B73: =HYPERLINK(IFERROR("#Main_Tariff!A"&MATCH(Raeburn_Main_Tariff[[#This Row],[Product Code]],Main_Tariff!I:I,0),"#Main_Tariff!A"&MATCH("*"&RIGHT(A73,8)&"*",Main_Tariff!A:A,0)),Raeburn_Main_Tariff[[#This Row],[PRODUCER]]) -> La Parcelle, Champagne Chevreux Bournazel | C73: Champagne La Parcelle 7 Cépages | D73: sp | E73: 2020 | F73: 75 | G73: 86.5 | H73: <24 | I73: 23CHEVBOUR05 | J73: France | K73: Champagne | N73: Organic | O73: 6 | P73: 13
A74: La Parcelle, Champagne Chevreux Bournazel | B74: =HYPERLINK(IFERROR("#Main_Tariff!A"&MATCH(Raeburn_Main_Tariff[[#This Row],[Product Code]],Main_Tariff!I:I,0),"#Main_Tariff!A"&MATCH("*"&RIGHT(A74,8)&"*",Main_Tariff!A:A,0)),Raeburn_Main_Tariff[[#This Row],[PRODUCER]]) -> La Parcelle, Champagne Chevreux Bournazel | C74: Champagne La Parcelle millésimé (disgorged 2023) | D74: sp | E74: 2017 | F74: 75 | G74: 109.5 | H74: <24 | I74: 23CHEVBOUR04 | J74: France | K74: Champagne | L74: Connigis | O74: 6 | P74: 12
A75: La Parcelle, Champagne Chevreux Bournazel | B75: =HYPERLINK(IFERROR("#Main_Tariff!A"&MATCH(Raeburn_Main_Tariff[[#This Row],[Product Code]],Main_Tariff!I:I,0),"#Main_Tariff!A"&MATCH("*"&RIGHT(A75,8)&"*",Main_Tariff!A:A,0)),Raeburn_Main_Tariff[[#This Row],[PRODUCER]]) -> La Parcelle, Champagne Chevreux Bournazel | C75: Champagne La Parcelle MAGS | D75: sp | E75: 2019 | F75: 150 | G75: 158 | H75: <24 | I75: 23CHEVBOUR02M | J75: France | K75: Champagne | O75: 1 | P75: 13
A76: La Parcelle, Champagne Chevreux Bournazel | B76: =HYPERLINK(IFERROR("#Main_Tariff!A"&MATCH(Raeburn_Main_Tariff[[#This Row],[Product Code]],Main_Tariff!I:I,0),"#Main_Tariff!A"&MATCH("*"&RIGHT(A76,8)&"*",Main_Tariff!A:A,0)),Raeburn_Main_Tariff[[#This Row],[PRODUCER]]) -> La Parcelle, Champagne Chevreux Bournazel | C76: Champagne La Parcelle MAGS | D76: sp | E76: 2018 | F76: 150 | G76: 158 | H76: <24 | I76: 23CHEVBOUR03M | J76: France | K76: Champagne | L76: Connigis | O76: 1 | P76: 12
A77: La Parcelle, Champagne Chevreux Bournazel | B77: =HYPERLINK(IFERROR("#Main_Tariff!A"&MATCH(Raeburn_Main_Tariff[[#This Row],[Product Code]],Main_Tariff!I:I,0),"#Main_Tariff!A"&MATCH("*"&RIGHT(A77,8)&"*",Main_Tariff!A:A,0)),Raeburn_Main_Tariff[[#This Row],[PRODUCER]]) -> La Parcelle, Champagne Chevreux Bournazel | C77: Coteaux Champenois 7 Cépages BLANC | D77: w | E77: 2020 | F77: 75 | G77: 68 | H77: <24 | I77: 23CHEVBOUR06 | J77: France | K77: Champagne | L77: Coteaux Champenois | N77: Organic | O77: 6 | P77: 12
A78: La Parcelle, Champagne Chevreux Bournazel | B78: =HYPERLINK(IFERROR("#Main_Tariff!A"&MATCH(Raeburn_Main_Tariff[[#This Row],[Product Code]],Main_Tariff!I:I,0),"#Main_Tariff!A"&MATCH("*"&RIGHT(A78,8)&"*",Main_Tariff!A:A,0)),Raeburn_Main_Tariff[[#This Row],[PRODUCER]]) -> La Parcelle, Champagne Chevreux Bournazel | C78: Ratafia liqueur assemblage 50cl | D78: sw.f | E78: mv | F78: 50 | G78: 36.5 | H78: VAULTS <24 | I78: 23CHEVBOUR07 | J78: France | K78: Champagne | O78: 8 | P78: 18
A79: Cedric Guyot Les Vertus d'Élise | B79: =HYPERLINK(IFERROR("#Main_Tariff!A"&MATCH(Raeburn_Main_Tariff[[#This Row],[Product Code]],Main_Tariff!I:I,0),"#Main_Tariff!A"&MATCH("*"&RIGHT(A79,8)&"*",Main_Tariff!A:A,0)),Raeburn_Main_Tariff[[#This Row],[PRODUCER]]) -> Cedric Guyot Les Vertus d'Élise | C79: Champagne blanc de blancs 1C (disgorged 2015) | D79: sp | E79: 2003 | F79: 75 | G79: 39.5 | I79: 15GUYOT01 | J79: France | K79: Champagne | M79: 1C | O79: 6 | P79: 12
A80: Lanson | B80: =HYPERLINK(IFERROR("#Main_Tariff!A"&MATCH(Raeburn_Main_Tariff[[#This Row],[Product Code]],Main_Tariff!I:I,0),"#Main_Tariff!A"&MATCH("*"&RIGHT(A80,8)&"*",Main_Tariff!A:A,0)),Raeburn_Main_Tariff[[#This Row],[PRODUCER]]) -> Lanson | C80: Champagne Clos Lanson (bdb) | D80: sp | E80: 2009 | F80: 75 | G80: 161.5 | I80: 22LANSON01 | J80: France | K80: Champagne | O80: 1 | P80: 12
A81: Lanson | B81: =HYPERLINK(IFERROR("#Main_Tariff!A"&MATCH(Raeburn_Main_Tariff[[#This Row],[Product Code]],Main_Tariff!I:I,0),"#Main_Tariff!A"&MATCH("*"&RIGHT(A81,8)&"*",Main_Tariff!A:A,0)),Raeburn_Main_Tariff[[#This Row],[PRODUCER]]) -> Lanson | C81: Champagne Clos Lanson (bdb) MAGS | D81: sp | E81: 2009 | F81: 150 | G81: 399.5 | H81: <24 | I81: 22LANSON01MG | J81: France | K81: Champagne | O81: 1 | P81: 12
A82: Kirrenbourg | B82: =HYPERLINK(IFERROR("#Main_Tariff!A"&MATCH(Raeburn_Main_Tariff[[#This Row],[Product Code]],Main_Tariff!I:I,0),"#Main_Tariff!A"&MATCH("*"&RIGHT(A82,8)&"*",Main_Tariff!A:A,0)),Raeburn_Main_Tariff[[#This Row],[PRODUCER]]) -> Kirrenbourg | C82: sylvaner roche granitique | D82: w | E82: 2017 | F82: 75 | G82: 16 | I82: 18KIRR05 | J82: France | K82: Alsace | O82: 6 | P82: 12
A83: Kirrenbourg | B83: =HYPERLINK(IFERROR("#Main_Tariff!A"&MATCH(Raeburn_Main_Tariff[[#This Row],[Product Code]],Main_Tariff!I:I,0),"#Main_Tariff!A"&MATCH("*"&RIGHT(A83,8)&"*",Main_Tariff!A:A,0)),Raeburn_Main_Tariff[[#This Row],[PRODUCER]]) -> Kirrenbourg | C83: muscat cuvée reserve | D83: w | F83: 75 | H83: OUT | I83: 17KIRR08 | J83: France | K83: Alsace | N83: Organic | O83: 6 | P83: 12.5
A84: Kirrenbourg | B84: =HYPERLINK(IFERROR("#Main_Tariff!A"&MATCH(Raeburn_Main_Tariff[[#This Row],[Product Code]],Main_Tariff!I:I,0),"#Main_Tariff!A"&MATCH("*"&RIGHT(A84,8)&"*",Main_Tariff!A:A,0)),Raeburn_Main_Tariff[[#This Row],[PRODUCER]]) -> Kirrenbourg | C84: pinot blanc cuvée reserve | D84: w | E84: 2023 | F84: 75 | G84: 19.95 | I84: 25KIRR01 | J84: France | K84: Alsace | N84: Organic | O84: 6 | P84: 11.5
A85: Kirrenbourg | B85: =HYPERLINK(IFERROR("#Main_Tariff!A"&MATCH(Raeburn_Main_Tariff[[#This Row],[Product Code]],Main_Tariff!I:I,0),"#Main_Tariff!A"&MATCH("*"&RIGHT(A85,8)&"*",Main_Tariff!A:A,0)),Raeburn_Main_Tariff[[#This Row],[PRODUCER]]) -> Kirrenbourg | C85: riesling roche granitique | D85: w | E85: 2018 | F85: 75 | G85: 21.5 | I85: 21KIRR02 | J85: France | K85: Alsace | N85: Organic | O85: 6 | P85: 13.5
A86: Kirrenbourg | B86: =HYPERLINK(IFERROR("#Main_Tariff!A"&MATCH(Raeburn_Main_Tariff[[#This Row],[Product Code]],Main_Tariff!I:I,0),"#Main_Tariff!A"&MATCH("*"&RIGHT(A86,8)&"*",Main_Tariff!A:A,0)),Raeburn_Main_Tariff[[#This Row],[PRODUCER]]) -> Kirrenbourg | C86: pinot gris roche granitique | D86: w | E86: 2019 | F86: 75 | G86: 22.5 | I86: 25KIRR02 | J86: France | K86: Alsace | N86: Organic | O86: 6 | P86: 14
A87: Kirrenbourg | B87: =HYPERLINK(IFERROR("#Main_Tariff!A"&MATCH(Raeburn_Main_Tariff[[#This Row],[Product Code]],Main_Tariff!I:I,0),"#Main_Tariff!A"&MATCH("*"&RIGHT(A87,8)&"*",Main_Tariff!A:A,0)),Raeburn_Main_Tariff[[#This Row],[PRODUCER]]) -> Kirrenbourg | C87: gewurztraminer roche granitique | D87: w | E87: 2019 | F87: 75 | G87: 22.5 | I87: 25KIRR03 | J87: France | K87: Alsace | O87: 6 | P87: 14
A88: Kirrenbourg | B88: =HYPERLINK(IFERROR("#Main_Tariff!A"&MATCH(Raeburn_Main_Tariff[[#This Row],[Product Code]],Main_Tariff!I:I,0),"#Main_Tariff!A"&MATCH("*"&RIGHT(A88,8)&"*",Main_Tariff!A:A,0)),Raeburn_Main_Tariff[[#This Row],[PRODUCER]]) -> Kirrenbourg | C88: gewurztraminer cuvée reserve | D88: w | E88: 2015 | F88: 75 | G88: 22.5 | I88: 17KIRR10 | J88: France | K88: Alsace | O88: 6 | P88: 14.5
A89: Kirrenbourg | B89: =HYPERLINK(IFERROR("#Main_Tariff!A"&MATCH(Raeburn_Main_Tariff[[#This Row],[Product Code]],Main_Tariff!I:I,0),"#Main_Tariff!A"&MATCH("*"&RIGHT(A89,8)&"*",Main_Tariff!A:A,0)),Raeburn_Main_Tariff[[#This Row],[PRODUCER]]) -> Kirrenbourg | C89: muscat macération Les Origines | D89: o | E89: 2019 | F89: 75 | G89: 24.5 | I89: 22KIRR06 | J89: France | K89: Alsace | N89: Organic | O89: 6 | P89: 12.5
A90: Kirrenbourg | B90: =HYPERLINK(IFERROR("#Main_Tariff!A"&MATCH(Raeburn_Main_Tariff[[#This Row],[Product Code]],Main_Tariff!I:I,0),"#Main_Tariff!A"&MATCH("*"&RIGHT(A90,8)&"*",Main_Tariff!A:A,0)),Raeburn_Main_Tariff[[#This Row],[PRODUCER]]) -> Kirrenbourg | C90: riesling Brand GC | D90: w | E90: 2016 | F90: 75 | G90: 27 | I90: 18KIRR07 | J90: France | K90: Alsace | M90: GC | N90: Organic | O90: 6 | P90: 13.5
A91: Kirrenbourg | B91: =HYPERLINK(IFERROR("#Main_Tariff!A"&MATCH(Raeburn_Main_Tariff[[#This Row],[Product Code]],Main_Tariff!I:I,0),"#Main_Tariff!A"&MATCH("*"&RIGHT(A91,8)&"*",Main_Tariff!A:A,0)),Raeburn_Main_Tariff[[#This Row],[PRODUCER]]) -> Kirrenbourg | C91: riesling Rangen GC | D91: w | E91: 2016 | F91: 75 | G91: 36.5 | I91: 18KIRR08 | J91: France | K91: Alsace | M91: GC | N91: Organic | O91: 6 | P91: 14
A92: Kirrenbourg | B92: =HYPERLINK(IFERROR("#Main_Tariff!A"&MATCH(Raeburn_Main_Tariff[[#This Row],[Product Code]],Main_Tariff!I:I,0),"#Main_Tariff!A"&MATCH("*"&RIGHT(A92,8)&"*",Main_Tariff!A:A,0)),Raeburn_Main_Tariff[[#This Row],[PRODUCER]]) -> Kirrenbourg | C92: riesling Schlossberg GC | D92: w | E92: 2019 | F92: 75 | G92: 36.5 | I92: 22KIRR02 | J92: France | K92: Alsace | M92: GC | N92: Organic | O92: 6 | P92: 14
A93: Kirrenbourg | B93: =HYPERLINK(IFERROR("#Main_Tariff!A"&MATCH(Raeburn_Main_Tariff[[#This Row],[Product Code]],Main_Tariff!I:I,0),"#Main_Tariff!A"&MATCH("*"&RIGHT(A93,8)&"*",Main_Tariff!A:A,0)),Raeburn_Main_Tariff[[#This Row],[PRODUCER]]) -> Kirrenbourg | C93: riesling Schlossberg GC | D93: w | E93: 2015 | F93: 75 | G93: 29.5 | H93: VAULTS <24 | I93: 17KIRR02 | J93: France | K93: Alsace | M93: GC | O93: 6 | P93: 14
A94: Kirrenbourg | B94: =HYPERLINK(IFERROR("#Main_Tariff!A"&MATCH(Raeburn_Main_Tariff[[#This Row],[Product Code]],Main_Tariff!I:I,0),"#Main_Tariff!A"&MATCH("*"&RIGHT(A94,8)&"*",Main_Tariff!A:A,0)),Raeburn_Main_Tariff[[#This Row],[PRODUCER]]) -> Kirrenbourg | C94: riesling Schlossberg GC MAGS | D94: w | E94: 2016 | F94: 150 | G94: 61 | H94: <24 | I94: 17KIRR31MG | J94: France | K94: Alsace | M94: GC | N94: Organic | O94: 1 | P94: 14
A95: Kirrenbourg | B95: =HYPERLINK(IFERROR("#Main_Tariff!A"&MATCH(Raeburn_Main_Tariff[[#This Row],[Product Code]],Main_Tariff!I:I,0),"#Main_Tariff!A"&MATCH("*"&RIGHT(A95,8)&"*",Main_Tariff!A:A,0)),Raeburn_Main_Tariff[[#This Row],[PRODUCER]]) -> Kirrenbourg | C95: riesling Schlossberg GC MAGS | D95: w | E95: 2015 | F95: 150 | G95: 61 | H95: <24 | I95: 17KIRR30MG | J95: France | K95: Alsace | M95: GC | O95: 1 | P95: 14
A96: Kirrenbourg | B96: =HYPERLINK(IFERROR("#Main_Tariff!A"&MATCH(Raeburn_Main_Tariff[[#This Row],[Product Code]],Main_Tariff!I:I,0),"#Main_Tariff!A"&MATCH("*"&RIGHT(A96,8)&"*",Main_Tariff!A:A,0)),Raeburn_Main_Tariff[[#This Row],[PRODUCER]]) -> Kirrenbourg | C96: riesling Schlossberg GC MAGS | D96: w | E96: 2014 | F96: 150 | G96: 61 | H96: <24 | I96: 17KIRR15S | J96: France | K96: Alsace | M96: GC | O96: 6 | P96: 13
A97: Kirrenbourg | B97: =HYPERLINK(IFERROR("#Main_Tariff!A"&MATCH(Raeburn_Main_Tariff[[#This Row],[Product Code]],Main_Tariff!I:I,0),"#Main_Tariff!A"&MATCH("*"&RIGHT(A97,8)&"*",Main_Tariff!A:A,0)),Raeburn_Main_Tariff[[#This Row],[PRODUCER]]) -> Kirrenbourg | C97: pinot gris Brand GC | D97: w | E97: 2017 | F97: 75 | G97: 27 | I97: 22KIRR03 | J97: France | K97: Alsace | M97: GC | O97: 6 | P97: 14
A98: Kirrenbourg | B98: =HYPERLINK(IFERROR("#Main_Tariff!A"&MATCH(Raeburn_Main_Tariff[[#This Row],[Product Code]],Main_Tariff!I:I,0),"#Main_Tariff!A"&MATCH("*"&RIGHT(A98,8)&"*",Main_Tariff!A:A,0)),Raeburn_Main_Tariff[[#This Row],[PRODUCER]]) -> Kirrenbourg | C98: pinot gris Schlossberg GC | D98: w | E98: 2015 | F98: 75 | G98: 29.5 | I98: 17KIRR24 | J98: France | K98: Alsace | M98: GC | O98: 6 | P98: 13.5
A99: Kirrenbourg | B99: =HYPERLINK(IFERROR("#Main_Tariff!A"&MATCH(Raeburn_Main_Tariff[[#This Row],[Product Code]],Main_Tariff!I:I,0),"#Main_Tariff!A"&MATCH("*"&RIGHT(A99,8)&"*",Main_Tariff!A:A,0)),Raeburn_Main_Tariff[[#This Row],[PRODUCER]]) -> Kirrenbourg | C99: gewurtztraminer Hengst GC | D99: w | E99: 2016 | F99: 75 | G99: 26.5 | I99: 18KIRR09 | J99: France | K99: Alsace | M99: GC | N99: Organic | O99: 6 | P99: 14
A100: Kirrenbourg | B100: =HYPERLINK(IFERROR("#Main_Tariff!A"&MATCH(Raeburn_Main_Tariff[[#This Row],[Product Code]],Main_Tariff!I:I,0),"#Main_Tariff!A"&MATCH("*"&RIGHT(A100,8)&"*",Main_Tariff!A:A,0)),Raeburn_Main_Tariff[[#This Row],[PRODUCER]]) -> Kirrenbourg | C100: gewurtztraminer Schlossberg GC | D100: w | E100: 2018 | F100: 75 | G100: 32.5 | I100: 22KIRR04 | J100: France | K100: Alsace | M100: GC | N100: Organic | O100: 6 | P100: 15
...
